 Dungeon Crawl Stone Soup version 0.30.0-20-g3b4254fcbd (webtiles) character file.

Game seed: 12764497655546386979

17838368 olmar the Gargoyle Barricade (level 27, 199/199 HPs)
             Began as a Gargoyle Fighter on June 2, 2023.
             Was an Initiate of Gozag.
             Escaped with the Orb
             ... and 15 runes on June 3, 2023!
             The game lasted 03:26:29 (86522 turns).

olmar the Gargoyle Barricade (Gargoyle Fighter)    Turns: 86522, Time: 03:26:30

Health: 199/199    AC: 72    Str: 38    XL:     27
Magic:  23/23      EV: 24    Int:  2    God:    Gozag
Gold:   18347      SH: 27    Dex: 19    Spells: 26/26 levels left

rFire   + + .        a - +13 sceptre of Asmodeus
rCold   + + +        A - +1 tower shield {AC+3}
rNeg    + + +        R - +9 plate armour "Fuustril" {Will+}
rPois   ∞            f - +0 helmet of Vuisyes {rPois Regen+}
rElec   +            l - +2 cloak "Noint" {Slay+6}
rCorr   +            p - +3 pair of gauntlets of War {Slay+5}
SInv    +            D - +2 pair of boots "Nuomn" {rC++ Regen+}
Will    +++..        X - amulet of Pawei {-Cast rC+ rN++ Regen+ SInv}
Stlth   ++           b - ring "Tutoor" {Fire rCorr Int-2 Dex+3 Slay+5}
HPRegen 2.93/turn    u - ring of Oenomania {rPois rF+ rC+ Dex+2}
MPRegen 0.18/turn

%: no spellcasting, random rage (3%)
@: flying, studying 3 skills
A: sickness immunity, AC +20, big wings, negative energy resistance 1,
electricity resistance, torment resistance 1, petrification resistance,
iridescent scales 1, thin skeletal structure 1, agile 1, berserk 1, dopey 1,
passive freeze, strong 1, subdued magic 1
0: Orb of Zot
}: 15/15 runes: decaying, slimy, silver, golden, iron, obsidian, icy, bone,
abyssal, demonic, glowing, magical, fiery, dark, gossamer
a: Renounce Religion, Potion Petition, Call Merchant, Bribe Branch


You escaped.
You worshipped Gozag.
Gozag was extremely pleased with you.
You visited 18 branches of the dungeon, and saw 88 of its levels.
You visited Pandemonium 1 time, and saw 15 of its levels.
You visited the Abyss 4 times.
You also visited: Trove, Sewer, Ossuary, Ice Cave and Wizlab.

You collected 61388 gold pieces.
You spent 7208 gold pieces at shops.
You paid 35833 gold pieces to Gozag.

Inventory:

Hand Weapons
 a - the +13 sceptre of Asmodeus (weapon)
   (You took it off Asmodeus on level 7 of Gehenna)

   Fire Summon: It may summon demons of flame and damnation when striking foes.
Missiles
 G - 2 throwing nets
 I - 16 curare-tipped darts
Armour
 f - the +0 helmet of Vuisyes (worn) {rPois Regen+}
   (You bought it in a shop on level 2 of the Orcish Mines)

   rPois:     It protects you from poison.
   Regen:     It increases your rate of health regeneration.
 i - a +0 crystal plate armour
 l - the +2 cloak "Noint" (worn) {Slay+6}
   (You found it in a treasure trove)

   Slay:      It affects your accuracy & damage with ranged weapons and melee
   (+6).
 p - the +3 pair of gauntlets of War (worn) {Slay+5}
   (You found it in a treasure trove)

   Slay:      It affects your accuracy & damage with ranged weapons and melee
   (+5).
 r - a +2 tower shield of cold resistance
 A - a +1 tower shield of protection (worn)
 D - the +2 pair of boots "Nuomn" (worn) {rC++ Regen+}
   (You found it on level 7 of Tartarus)

   rC:        It greatly protects you from cold.
   Regen:     It increases your rate of health regeneration.
 R - the +9 plate armour "Fuustril" (worn) {Will+}
   (You found it on level 5 of the Lair of Beasts)

   Will:      It increases your willpower.
Jewellery
 b - the ring "Tutoor" (left hand) {Fire rCorr Int-2 Dex+3 Slay+5}
   (You acquired it on level 2 of the Orcish Mines)

   [ring of fire]

   It enhances your fire magic.
   Int:       It affects your intelligence (-2).
   Dex:       It affects your dexterity (+3).
   Slay:      It affects your accuracy & damage with ranged weapons and melee
   (+5).
   rF:        It protects you from fire.
   rC:        It makes you vulnerable to cold.
   rCorr:     It protects you from acid and corrosion.
 d - the ring "Roqo" {rC+ EV+5 SInv}
   (You found it on level 7 of Tartarus)

   [ring of evasion]

   EV:        It affects your evasion (+5).
   rC:        It protects you from cold.
   SInv:      It lets you see invisible.
 u - the ring of Oenomania (right hand) {rPois rF+ rC+ Dex+2}
   (You found it on level 5 of the Dungeon)

   [ring of poison resistance]

   Dex:       It affects your dexterity (+2).
   rF:        It protects you from fire.
   rC:        It protects you from cold.
   rPois:     It protects you from poison.
 X - the amulet of Pawei (around neck) {-Cast rC+ rN++ Regen+ SInv}
   (You bought it in a shop on level 1 of the Orcish Mines)

   [amulet of regeneration]

   rC:        It protects you from cold.
   rN:        It greatly protects you from negative energy.
   SInv:      It lets you see invisible.
   -Cast:     It prevents spellcasting.
   Regen:     It increases your rate of health regeneration.
Wands
 h - a wand of polymorph (30)
 y - a wand of paralysis (86)
 K - a wand of flame (195)
 L - a wand of roots (50)
 M - a wand of light (41)
 S - a wand of digging (12)
 U - a wand of mindburst (37)
Scrolls
 c - 7 scrolls of fog
 e - 11 scrolls of magic mapping
 k - 4 scrolls of silence
 t - 4 scrolls of summoning
 v - 3 scrolls of blinking
 w - 9 scrolls of teleportation
 B - 9 scrolls of poison
 Q - 13 scrolls of enchant armour
 V - 4 scrolls of amnesia
 Z - 11 scrolls of fear
Potions
 g - 8 potions of cancellation
 m - a potion of resistance
 n - 7 potions of heal wounds
 q - 3 potions of invisibility
 s - 5 potions of berserk rage
 x - 2 potions of haste
 C - 17 potions of lignification
 E - 2 potions of magic
 F - 19 potions of curing
 H - 4 potions of mutation
 J - 7 potions of might
 O - 7 potions of ambrosia
 T - 13 potions of attraction
 Y - a potion of brilliance
Miscellaneous
 j - a piece from Xom's chessboard (15/15)
 o - a lightning rod (4/4)
 z - the horn of Geryon
 N - a phial of floods
 P - a box of beasts
 W - a tin of tremorstones (2/2)


   Skills:
 O Level 27 Fighting
 O Level 27 Maces & Flails
 + Level 2.9 Throwing
 O Level 27 Armour
 + Level 23.3 Dodging
 O Level 27 Stealth
 O Level 27 Shields
 + Level 24.2 Evocations


You had 26 spell levels left.
You didn't know any spells.
Your spell library contained the following spells:

 Spells                   Type           Power      Damage    Failure   Level
 Beastly Appendage        Tmut           0%         N/A       78%         1
 Foxfire                  Conj/Fire      0%         2x1d4     78%         1
 Freeze                   Ice            0%         1d3       78%         1
 Kiss of Death            Conj/Necr      0%         2d5       78%         1
 Magic Dart               Conj           0%         1d3       78%         1
 Sandblast                Erth           0%         2d4       78%         1
 Slow                     Hex            0%         N/A       78%         1
 Summon Small Mammal      Summ           0%         N/A       78%         1
 Blink                    Tloc           0%         N/A       89%         2
 Call Imp                 Summ           0%         N/A       89%         2
 Ensorcelled Hibernation  Hex/Ice        0%         N/A       89%         2
 Lesser Beckoning         Tloc           0%         N/A       89%         2
 Momentum Strike          Conj/Tloc      0%         3d8       89%         2
 Passwall                 Tmut/Erth      0%         N/A       89%         2
 Poisonous Vapours        Pois/Air       0%         N/A       89%         2
 Scorch                   Fire           0%         2d5       89%         2
 Searing Ray              Conj           0%         2d4       89%         2
 Static Discharge         Conj/Air       0%         2-2/arc   89%         2
 Wereblood                Tmut           0%         N/A       89%         2
 Call Canine Familiar     Summ           0%         N/A       99%         3
 Confusing Touch          Hex            0%         N/A       99%         3
 Dazzling Flash           Conj/Hex       0%         N/A       99%         3
 Frozen Ramparts          Ice            0%         1d1       99%         3
 Gell's Gravitas          Tloc           0%         N/A       99%         3
 Hailstorm                Conj/Ice       0%         3d3       99%         3
 Ignite Poison            Fire/Tmut/Pois 0%         N/A       99%         3
 Mephitic Cloud           Conj/Pois/Air  0%         N/A       99%         3
 Ozocubu's Armour         Ice            0%         N/A       99%         3
 Portal Projectile        Hex/Tloc       0%         N/A       99%         3
 Spider Form              Tmut/Pois      0%         N/A       99%         3
 Stone Arrow              Conj/Erth      0%         3d7       99%         3
 Summon Guardian Golem    Hex/Summ       0%         N/A       99%         3
 Teleport Other           Tloc           0%         N/A       99%         3
 Tukima's Dance           Hex            0%         N/A       99%         3
 Vampiric Draining        Necr           0%         2d6       99%         3
 Vhi's Electric Charge    Tloc/Air       0%         N/A       99%         3
 Airstrike                Air            0%         2d(0-16)  100%        4
 Anguish                  Hex/Necr       0%         N/A       100%        4
 Dispel Undead            Necr           0%         3d6       100%        4
 Fulminant Prism          Conj/Hex       0%         3d5       100%        4
 Ice Form                 Ice/Tmut       0%         N/A       100%        4
 Leda's Liquefaction      Hex/Erth       0%         N/A       100%        4
 Manifold Assault         Tloc           0%         N/A       100%        4
 Olgreb's Toxic Radiance  Pois           0%         N/A       100%        4
 Passage of Golubria      Tloc           0%         N/A       100%        4
 Petrify                  Tmut/Erth      0%         N/A       100%        4
 Sticky Flame             Conj/Fire      0%         2d3       100%        4
 Summon Ice Beast         Ice/Summ       0%         N/A       100%        4
 Summon Lightning Spire   Summ/Air       0%         N/A       100%        4
 Agony                    Necr           0%         N/A       100%        5
 Arcjolt                  Conj/Air       0%         1d10      100%        5
 Blade Hands              Tmut           0%         N/A       100%        5
 Fireball                 Conj/Fire      0%         3d3       100%        5
 Freezing Cloud           Conj/Ice/Air   0%         6-21      100%        5
 Irradiate                Conj/Tmut      0%         3d11      100%        5
 Iskenderun's Battlesphe  Conj           0%         2d6       100%        5
 Lee's Rapid Deconstruct  Erth           0%         3d4*      100%        5
 Metabolic Englaciation   Hex/Ice        0%         N/A       100%        5
 Silence                  Hex/Air        0%         N/A       100%        5
 Yara's Violent Unravell  Hex/Tmut       0%         3d3       100%        5
 Conjure Ball Lightning   Conj/Air       0%         3x3d6     100%        6
 Death Channel            Necr           0%         N/A       100%        6
 Dispersal                Tloc           0%         N/A       100%        6
 Eringya's Noxious Bog    Tmut/Pois      0%         N/A       100%        6
 Iron Shot                Conj/Erth      0%         9d1       100%        6
 Plasma Beam              Fire/Air       0%         2x1d11    100%        6
 Starburst                Conj/Fire      0%         6d3       100%        6
 Dragon Form              Tmut           0%         N/A       100%        7
 Orb of Destruction       Conj           0%         9d5       100%        7
 Ozocubu's Refrigeration  Ice            0%         4d7       100%        7
 Storm Form               Tmut/Air       0%         N/A       100%        7
 Borgnjor's Revivificati  Necr           0%         N/A       100%        8
 Discord                  Hex            0%         N/A       100%        8
 Disjunction              Tloc           0%         N/A       100%        8
 Ignition                 Fire           0%         3d3       100%        8
 Lehudib's Crystal Spear  Conj/Erth      0%         10d2      100%        8
 Maxwell's Capacitive Co  Air            0%         ∞         100%        8
 Necromutation            Tmut/Necr      0%         N/A       100%        8
 Death's Door             Necr           0%         N/A       100%        9
 Dragon's Call            Summ           0%         N/A       100%        9
 Polar Vortex             Ice            0%         N/A       100%        9
 Cigotuvi's Dreadful Rot  Necr/Pois/Air  Unusable   N/A       N/A         2
 Sublimation of Blood     Necr           Unusable   N/A       N/A         2
 Simulacrum               Ice/Necr       Unusable   N/A       N/A         6
 Statue Form              Tmut/Erth      Unusable   N/A       N/A         6

Dungeon Overview and Level Annotations

Branches:
Dungeon (15/15)            Temple (1/1) D:4            Lair (5/5) D:8
  Swamp (4/4) Lair:3       Spider (4/4) Lair:2        Slime (5/5) Lair:5
    Orc (2/2) D:9             Elf (3/3) Orc:2        Vaults (5/5) D:14
  Crypt (3/3) Vaults:3       Tomb (3/3) Crypt:3      Depths (4/4) D:15
   Hell (visited)             Dis (7/7) Hell            Geh (7/7) Hell
    Coc (7/7) Hell            Tar (7/7) Hell            Zot (5/5) Depths:4
  Sewer (visited)         Ossuary (visited)           IceCv (visited)
 WizLab (visited)

Altars:
Ashenzari
Cheibriados
Dithmenos
Elyvilon
Fedhas
Gozag
Hepliaklqana
Kikubaaqudgha
Makhleb
Nemelex Xobeh
Okawaru
Qazlal
Ru
Sif Muna
Trog
Uskayaw
Vehumet
Wu Jian
Xom
Yredelemnul
Zin
The Shining One
Jiyva

Shops:
D:2 =   D:6 *   D:8 =   D:14 =(=   Orc:1 =   Orc:2 *(:[   Lair:1 [[[
Spider:1 =   Vaults:1 [=?(   Vaults:3 [([   Vaults:5 ???!!   Depths:1 [
Depths:2 =

Portals:
Hell: Depths:1 Depths:2 Depths:3
Abyss: Depths:2 Depths:3
Pandemonium: Depths:2 Depths:3
Ziggurat: Depths:1

Annotations:
D:6 2 transporters, bmack86's ghost, novice MiFi
D:8 1 runed translucent door
Lair:2 1 runed translucent door, DemonSlayer's ghost, journeyman DsEE
Lair:3 3 runed translucent doors, olmar's ghost, journeyman AtFi
Vaults:3 3 runed translucent doors, ragingrage's ghost, veteran HOFi
Crypt:3 13 runed doors
Zot:3 1 transporter, Flapstick's ghost, legendary HaBe
Zot:4 1 transporter


Innate Abilities, Weirdness & Mutations

You are immune to sickness and miasma.
Your stone body is resilient. (AC +20)
You are immune to poison.
Your large and strong wings let you fly.
You resist negative energy. (rN+)
You are resistant to electric shocks. (rElec)
You are resistant to unholy torment.
You are immune to petrification.
You are partially covered in iridescent scales. (AC +2)
You have a somewhat thin skeletal structure. (Dex +2, Stealth+)
You are agile. (Dex +4, Str/Int -1)
You sometimes lose your temper in combat.
You are dopey. (Int -2)
A frigid envelope surrounds you and freezes all who hurt you.
Your muscles are strong. (Str +4, Int/Dex -1)
Your spells are a little easier to cast, but a little less powerful.


Message History

(H) Hell (I) Dis (G) Gehenna (X) Cocytus (Y) Tartarus (Z) Zot
Where to? (Enter - D:2, ? - help) Wysoq comes into view.
Unknown command.
A rust devil comes into view.
The rust devil screeches!
There is a stone staircase leading up here.
You fly upwards.
There is a stone staircase leading down here.
Unknown command.
(D) Dungeon (T) Temple (L) Lair (S) Swamp (N) Spider Nest (M) Slime Pits (O) Orcish Mines (E) Elven Halls (V) Vaults (C) Crypt (W) Tomb (U) Depths (H) Hell (I) Dis (G) Gehenna (X) Cocytus (Y) Tartarus (Z) Zot
Where to? (Enter - D:1, ? - help)
Okay, then.
Found a book of Weapons.
Aiming: Dig
Press: ? - help, Shift-Dir - straight line A rock wall.
This square is covered in magical glow.
The rock shatters into small pieces.
An Orb Guardian comes into view.
Blink to where?
Press: ? - help, Dir - move target
As you read the scroll of blinking, it crumbles to dust.
Unknown command.
Blink to where?
Press: ? - help, Dir - move target
As you read the scroll of blinking, it crumbles to dust.
Blink to where?
Press: ? - help, Dir - move target
As you read the scroll of blinking, it crumbles to dust.
There is an open door here.
There is a staircase leading out of the dungeon here.
You can't go down here!
Unknown command.
You have escaped!

#### ♣#@.######
♣#..'....+
♣#..###### ###
♣##'#|...# #..
♣........########÷.
♣♣.........§......§
♣♣..............~~
♣♣.........~~≈≈≈≈
♣♣..............


There were no monsters in sight!

Vanquished Creatures
  Cerebov (Pan)
  Asmodeus (Geh:7)
  Antaeus (Coc:7)
  the Royal Jelly (Slime:5)
  Ereshkigal (Tar:7)
  the Serpent of Hell (Dis:7)
  Gloorx Vloq (Pan)
  Mnoleg (Pan)
  Lom Lobon (Pan)
  6 dread liches
  5 orbs of fire (Zot:5)
  Dispater (Dis:7)
  Mennas (Pan)
  5 ancient liches
  4 juggernauts
  23 royal mummies
  Boris (Vaults:3)
  the Lernaean hydra (Swamp:4)
  28 caustic shrikes
  3 Killer Klowns (Zot:5)
  14 shard shrikes
  Margery (Crypt:3)
  Saint Roka (Vaults:5)
  2 curse toes
  Geryon (Hell)
  6 pandemonium lords (Pan)
  Nikola (Spider:3)
  7 golden dragons
  Jory (Vaults:5)
  23 bone dragons
  11 profane servitors
  The ghost of Pikuto the Slayer, an adept MiBe of Trog (Depths:2)
  19 doom hounds
  27 Tzitzimimeh
  15 Brimstone Fiends
  2 spectral shard shrikes
  10 iron giants
  16 tentacled monstrosities
  9 hellephants
  An electric golem (Zot:5)
  A walking crystal tome (Depths:2)
  Jorgrun (D:15)
  26 Hell Sentinels
  Mlioglotl (Spider:3)
  8 liches
  24 Ice Fiends
  Grunn (Zot:3)
  A walking earthen tome (Depths:2)
  24 tainted leviathans
  17 titans
  Asterion (Vaults:3)
  27 searing wretches
  3 deep elf blademasters
  21 acid blobs
  24 Orb Guardians
  A deep elf master archer (Elf:3)
  21 Executioners (Pan)
  Murray (Hell)
  7 sphinxes
  7 quicksilver dragons
  A death cob (Zot:5)
  7 shadow dragons
  3 tentacled starspawn
  The ghost of Himmaryad the Brawler, an adept TrMo of Nemelex Xobeh (Depths:2)
  The ghost of Polaczum the Brawler, an adept TrMo of Nemelex Xobeh (Depths:2)
  A thorn hunter (Swamp:1)
  38 ancient champions
  Kirke (D:15)
  4 tengu reavers
  5 storm dragons
  2 draconian knights
  A daeva (Pan)
  A nagaraja (Vaults:2)
  28 azure jellies
  4 demonspawn warmongers (Pan)
  A fenstrider witch (Swamp:3)
  4 draconian monks
  8 rockslimes
  27 fire giants
  7 ghost moths
  17 frost giants
  4 revenants
  3 draconian scorchers
  2 juggernaut zombies
  11 deep elf sorcerers
  17 narguns
  12 iron dragons
  A spectral caustic shrike (Tar:5)
  Aizul (Vaults:4)
  2 orc warlords
  5 emperor scorpions
  19 vault wardens
  3 shard shrike simulacra
  6 quicksilver elementals
  42 balrugs
  5 curse skulls
  2 spectral juggernauts
  A draconian shifter (Zot:1)
  9 deep elf elementalists
  25 reapers
  52 very ugly things
  5 draconian stormcallers
  18 cacodemons
  4 draconian annihilators
  40 war gargoyles
  9 demonspawn corrupters (Pan)
  3 broodmothers
  15 quicksilver oozes
  17 stone giants
  14 ironbound thunderhulks
  7 ghouls
  5 demonspawn blood saints (Pan)
  8 demonspawn black suns (Pan)
  2 spriggan defenders (Depths:2)
  27 elemental wellsprings
  An ophan (Abyss:3)
  16 ironbound preservers
  A juggernaut skeleton (Tomb:3)
  6 deep elf demonologists
  2 green draconians
  3 spectral titans
  3 eleionomae (Swamp:2)
  9 vampire knights
  11 lorocyprocas
  9 bennus
  18 wendigos
  17 dire elephants
  Azrael (D:12)
  8 black draconians
  43 putrid mouths
  7 red draconians
  8 deep elf annihilators
  3 white draconians
  8 bunyips
  29 iron golems
  2 yellow draconians
  4 purple draconians
  9 spark wasps
  7 blizzard demons
  12 eidola
  A merfolk impaler (Depths:3)
  2 spectral quicksilver dragons (Tar:3)
  Snorg (D:14)
  16 ettins
  25 mummy priests
  Josephine (Spider:1)
  14 green deaths
  2 jiangshi (Crypt:3)
  A spectral iron giant (Tar:6)
  8 deep elf death magi
  A crystal guardian (Vaults:3)
  3 spectral spriggans
  9 entropy weavers
  A spectral golden dragon (Tar:7)
  14 yaktaur captains
  10 fire dragons
  Erolcha (D:12)
  10 deep elf high priests
  7 rakshasas
  16 great orbs of eyes
  26 hydras
  A spriggan air mage (Depths:1)
  6 centaur warriors
  6 caustic shrike simulacra
  3 juggernaut simulacra
  4 hell beasts
  2 peacekeepers
  4 ice dragons
  5 salamander tyrants
  43 vault guards
  4 ogre magi
  2 radroaches
  A jorogumo (Spider:3)
  A spriggan skeleton (Pan)
  6 boulder beetles
  2 ghost crabs
  2 catoblepae
  8 stokers
  14 ironbound frosthearts
  3 alligators (Swamp:3)
  Erica (Lair:1)
  3 tengu warriors
  28 dancing weapons
  7 deep troll shamans
  8 deep troll earth magi
  4 thrashing horrors (Abyss:3)
  7 two-headed ogres
  4 vampire magi
  25 death scarabs
  3 orc high priests
  5 spriggan berserkers
  2 death yaks (Lair:2)
  34 hell hogs
  A death yak (shapeshifter) (Depths:3)
  12 crystal echidnas
  25 soul eaters
  3 wretched stars (Abyss:3)
  A titan skeleton (Pan)
  17 hell knights
  38 shadow wraiths
  61 sun demons
  19 deep elf knights
  4 sun moths
  10 pharaoh ants
  27 skeletal warriors
  25 sixfirhies
  A goliath frog (shapeshifter) (Vaults:2)
  A death drake (Swamp:4)
  2 goliath frogs (Swamp:3)
  5 spriggan druids
  5 iron trolls
  6 quicksilver dragon simulacra
  4 skysharks
  A bunyip zombie (Tomb:1)
  A golden dragon zombie (WizLab)
  2 spectral anacondas
  6 flayed ghosts
  13 orb spiders
  15 bog bodies
  42 deep trolls
  An orb spider (shapeshifter) (Depths:2)
  A harpy (Vaults:5)
  4 kraken simulacra
  6 glowing orange brains
  12 shadow demons (Pan)
  A tengu zombie (Tomb:2)
  10 lindwurms
  An orange crystal statue (Crypt:2)
  9 deep elf archers
  9 wizards
  13 steelbarb worms
  20 ironbound convokers
  11 swamp dragons
  2 fenstrider witch simulacra (Coc:1)
  10 orc knights
  16 phantasmal warriors
  A spectral iron dragon (Tar:4)
  32 deep elf zephyrmancers
  A harpy (shapeshifter) (Vaults:2)
  30 deep elf pyromancers
  An iron dragon zombie (WizLab)
  21 wolf spiders
  10 orc sorcerers
  7 draconians (Abyss:3)
  A frost giant zombie (WizLab)
  9 necromancers
  A spectral merfolk (Tar:1)
  6 will-o-the-wisps
  45 ugly things
  A shining eye (shapeshifter) (Vaults:2)
  2 stone giant zombies
  A spectral ice dragon (Tar:1)
  8 elephants (Lair:2)
  2 manticores (D:14)
  8 shining eyes
  5 cyclopes
  A naga zombie (Tomb:3)
  2 black mambas
  16 moths of wrath
  6 ice statues
  A human skeleton (Vaults:1)
  A spectral alligator snapping turtle (Tar:3)
  A frost giant skeleton (D:15)
  A demonspawn zombie (WizLab)
  A stone giant skeleton (Pan)
  4 rust devils
  30 vault sentinels
  26 demonic crawlers
  3 eyes of devastation
  An apocalypse crab (Abyss:3)
  3 torpor snails
  A dire elephant skeleton (Pan)
  12 cane toads
  25 smoke demons
  6 titan simulacra
  41 hellions
  2 centaur skeletons
  3 efreet (Pan)
  18 orange demons
  7 unseen horrors
  An unseen horror (shapeshifter) (Elf:2)
  A death yak zombie (Crypt:2)
  6 freezing wraiths
  29 yaktaurs
  An alligator snapping turtle skeleton (Crypt:2)
  5 rime drakes
  4 tengu conjurers
  8 ice devils (Hell)
  A rime drake (shapeshifter) (Vaults:5)
  35 tormentors
  6 red devils (Pan)
  10 komodo dragons
  3 iron giant simulacra
  2 anaconda simulacra
  3 ancient zymes
  2 hydra zombies (Hell)
  A white draconian skeleton (Crypt:2)
  3 golden dragon simulacra
  2 silent spectres
  A bloated husk (Swamp:1)
  4 harpy zombies
  5 trolls
  33 guardian mummies
  2 spectral nagas
  16 hellwings
  4 meliai
  A troll (shapeshifter) (D:14)
  A spectral harpy (Tar:3)
  2 tarantellas (shapeshifter)
  Prince Ribbit (D:6)
  25 tarantellas
  13 hornets
  2 polar bears
  6 raiju
  10 tyrant leeches
  19 blink frogs
  42 large abominations
  A snapping turtle (shapeshifter) (Depths:1)
  3 iron dragon simulacra
  89 slime creatures
  3 stone giant simulacra
  7 spriggan zombies
  A guardian serpent skeleton (Crypt:3)
  An ettin skeleton (Pan)
  19 culicivoras
  16 spriggans
  2 ettin zombies
  A jumping spider (shapeshifter) (Depths:2)
  32 jumping spiders
  A centaur simulacrum (Tomb:2)
  A shadow (D:13)
  14 wraiths
  17 flying skulls
  A black mamba skeleton (Pan)
  10 ushabtiu
  44 yaks
  6 air elementals
  11 water elementals
  3 wyverns
  A vampire (D:12)
  33 ynoxinuls
  11 dire elephant simulacra
  3 fire bats (Pan)
  4 fire elementals
  15 golden eyes
  6 hogs (D:15)
  26 starcursed masses
  A fire bat (shapeshifter) (Vaults:1)
  5 basilisks
  5 humans (D:10)
  22 chaos spawn
  A sea snake simulacrum (Hell)
  54 redbacks
  15 neqoxecs
  A steam dragon (D:9)
  15 vampire mosquitoes
  An elf skeleton (Vaults:1)
  2 wargs
  5 harpy simulacra
  A swamp worm (shapeshifter) (Vaults:2)
  17 swamp worms
  An acid dragon (D:9)
  3 floating eyes
  8 hell hounds
  A two-headed ogre skeleton (Pan)
  8 water moccasins
  6 hydra simulacra
  8 ettin simulacra
  7 swamp drakes
  2 ice beasts
  36 orc warriors
  2 naga skeletons (Pan)
  2 sky beasts
  A black bear (D:4)
  7 ogres
  5 wolves
  3 boggarts (D:15)
  2 small abominations (Abyss:3)
  12 centaurs
  4 kobold brigands
  2 elf zombies
  15 bullfrogs
  A cane toad simulacrum (Lair:2)
  2 scorpions
  2 earth elementals
  4 wights (D:8)
  A raiju zombie (WizLab)
  2 elephant simulacra (IceCv)
  12 killer bees
  A polar bear skeleton (Crypt:2)
  A troll skeleton (Crypt:1)
  3 electric eels
  8 howler monkeys
  A crimson imp (Spider:2)
  A centaur zombie (Ossuary)
  A quasit (Abyss:2)
  2 hounds (D:5)
  4 human zombies
  23 orc priests
  A sleepcap (D:5)
  Jessica (D:2)
  4 iguanas
  14 orc wizards
  2 polar bear simulacra (IceCv)
  5 spriggan simulacra
  2 troll simulacra (Lair:2)
  2 wolf simulacra
  54 mummies
  12 gnolls
  2 naga simulacra
  3 river rats
  8 adders
  A shadow imp (Tar:7)
  A white imp (D:5)
  3 ufetubi
  A worm (D:6)
  2 dart slugs
  101 orcs
  2 ball pythons
  4 bats
  6 endoplasms
  3 giant cockroaches
  A gnoll zombie (Crypt:2)
  3 goblins
  6 hobgoblins
  6 jackals
  21 kobolds
  3 quokkas
  4 frilled lizards
  2 goblin zombies (Ossuary)
  12 hobgoblin zombies (Ossuary)
  A jackal zombie (Ossuary)
  6 kobold zombies (Ossuary)
  11 orc zombies (Ossuary)
  A quokka zombie (D:7)
  5 rats
  2 rat zombies
  A creeping inferno (Geh:1)
  23 fire vortices
  A starspawn tentacle (Abyss:2)
  4 tentacles
3949 creatures vanquished.

Vanquished Creatures (collateral kills)
  A pandemonium lord (Pan)
  3 royal mummies
  A Killer Klown (Zot:5)
  A caustic shrike (Dis:4)
  A Brimstone Fiend (Pan)
  A hellephant (Pan)
  A lich (Crypt:2)
  A walking earthen tome (Depths:2)
  An Orb Guardian (Zot:5)
  5 Executioners (Pan)
  2 shadow dragons
  2 ancient champions
  A sphinx (Tomb:1)
  A tengu reaver (Depths:2)
  A revenant (Tomb:1)
  2 demonspawn warmongers (Pan)
  A draconian scorcher (Zot:1)
  4 balrugs (Pan)
  A frost giant (Depths:2)
  3 ghouls (Crypt:2)
  4 cacodemons (Pan)
  3 war gargoyles
  A draconian annihilator (Zot:1)
  4 demonspawn corrupters (Pan)
  4 very ugly things (Pan)
  A demonspawn blood saint (Pan)
  2 reapers
  2 lorocyprocas (Pan)
  A green draconian (Zot:1)
  4 red draconians
  A white draconian (Zot:2)
  An eidolon (Crypt:2)
  A blizzard demon (Pan)
  A green death (Pan)
  An iron golem (Dis:5)
  2 mummy priests
  A jiangshi (Crypt:3)
  A death knight (Crypt:2)
  12 death scarabs
  6 sun demons (Pan)
  2 soul eaters (Pan)
  A storm dragon zombie (Crypt:2)
  4 sixfirhies (Pan)
  4 shadow wraiths (Pan)
  A skeletal warrior (Crypt:3)
  A flayed ghost (Crypt:3)
  A necromancer (Vaults:5)
  3 ugly things (Pan)
  A moth of wrath (Zot:1)
  A rust devil (Pan)
  4 smoke demons (Pan)
  A demonic crawler (Pan)
  6 orange demons (Pan)
  8 large abominations (Pan)
  An alligator snapping turtle skeleton (Crypt:3)
  A tormentor (Dis:5)
  3 efreet (Pan)
  11 guardian mummies
  A red devil (Pan)
  A harpy zombie (Crypt:2)
  A hydra zombie (Tomb:3)
  2 hellwings (Pan)
  3 ynoxinuls (Pan)
  10 flying skulls
  5 neqoxecs (Pan)
  A fire bat (Pan)
  2 chaos spawn (Pan)
  A fire bat skeleton (Crypt:3)
  An orc warrior (Orc:2)
  A snapping turtle skeleton (Crypt:2)
  2 necrophages (Crypt:2)
  A draconian skeleton (Crypt:2)
  2 crimson imps (Pan)
  An orc priest (Orc:2)
  21 mummies
  An iguana zombie (Crypt:2)
  An adder skeleton (Crypt:3)
  3 orcs
202 creatures vanquished.

Vanquished Creatures (others)
  A royal mummy (Tomb:3)
  An iron giant (Dis:7)
  An ancient champion (Tomb:3)
  A fire giant (Geh:1)
  A draconian knight (Zot:5)
  An iron dragon (Depths:2)
  A shard shrike simulacrum (Coc:7)
  A deep elf elementalist (Elf:3)
  A cacodemon (Pan)
  An elemental wellspring (Coc:3)
  2 mummy priests
  3 caustic shrike simulacra (Coc:7)
  4 juggernaut simulacra
  A soul eater (Pan)
  2 deep elf knights (Elf:2)
  A sun demon (Pan)
  2 skeletal warriors (Tomb:3)
  3 spriggan simulacra (Coc:7)
  2 orb spiders (Spider:3)
  2 wizards (Pan)
  An orange demon (Pan)
  A smoke demon (Pan)
  A titan simulacrum (Coc:3)
  A tormentor (Geh:7)
  An iron giant simulacrum (Coc:7)
  4 guardian mummies (Tomb:3)
  2 bloated husks
  A culicivora (Spider:4)
  A spriggan (Swamp:2)
  A human (D:15)
  2 dire elephant simulacra
  2 redbacks
  A vampire mosquito (Swamp:1)
  A swamp worm (Swamp:3)
  An ettin simulacrum (Coc:7)
  A swamp drake (Swamp:4)
  An orc priest (D:9)
  2 orc wizards
  5 mummies
  An orc (Vaults:5)
  6 ball lightnings (Pan)
  2 creeping infernos
  A fire vortex (Geh:3)
  14 foxfires
  7 starspawn tentacles
  13 tentacles
106 creatures vanquished.

Grand Total: 4257 creatures vanquished

Notes
Turn   | Place    | Note
-------+----------+-------------------------------------------
     0 | D:1      | olmar the Gargoyle Fighter began the quest for the Orb.
     0 | D:1      | Reached XP level 1. HP: 14/14 MP: 1/1
   131 | D:1      | Reached XP level 2. HP: 19/19 MP: 2/2
   178 | D:1      | You fall into a shaft and drop 1 floor!
   281 | D:2      | Found Neiniuw's Jewellery Shoppe.
   355 | D:2      | Noticed Jessica
   361 | D:2      | Killed Jessica
   362 | D:2      | Reached XP level 3. HP: 22/24 MP: 3/3
   801 | D:2      | Reached XP level 4. HP: 26/29 MP: 4/4
   911 | D:3      | Found a bloodstained altar of Trog.
   913 | D:3      | Found a sacrificial altar of Ru.
   999 | D:3      | Reached XP level 5. HP: 20/33 MP: 5/5
  1097 | D:3      | Reached skill level 1 in Dodging
  1352 | D:4      | Noticed an ogre
  1352 | D:4      | Found a staircase to the Ecumenical Temple.
  1377 | D:4      | Killed an ogre
  1378 | D:4      | Reached XP level 6. HP: 13/38 MP: 6/6
  1399 | Temple   | Entered the Ecumenical Temple
  1588 | Temple   | Became a worshipper of Gozag Ym Sagoz the Greedy
  1750 | D:4      | Found a shimmering blue altar of Sif Muna.
  1826 | D:4      | Noticed a black bear
  1845 | D:4      | Killed a black bear
  1846 | D:4      | Reached skill level 5 in Armour
  1846 | D:4      | Reached XP level 7. HP: 27/44 MP: 7/7
  2472 | D:5      | Entered Level 5 of the Dungeon
  2574 | D:5      | Reached skill level 5 in Maces & Flails
  2721 | D:5      | Reached skill level 5 in Fighting
  3175 | D:5      | Reached XP level 8. HP: 34/50 MP: 8/8
  3203 | D:5      | HP: 2/51 [killer bee (4)]
  3458 | D:5      | Identified the ring of Oenomania {rPois rF+ rC+ Dex+2}
  3468 | D:6      | Found Jaczer's Assorted Antiques.
  3595 | D:6      | Reached skill level 5 in Shields
  3604 | D:6      | Reached XP level 9. HP: 15/56 MP: 9/9
  3659 | D:6      | Noticed Prince Ribbit
  3667 | D:6      | Killed Prince Ribbit
  3668 | D:6      | Reached skill level 1 in Stealth
  3683 | D:6      | Identified a scroll of acquirement
  3683 | D:6      | Acquired 1154 gold pieces
  3785 | D:6      | Found a glowing drain.
  3789 | Sewer    | Entered a sewer
  3904 | Sewer    | Found a white marble altar of Elyvilon.
  4012 | D:6      | Noticed bmack86's ghost (novice MiFi)
  4012 | D:6      | Identified the +10 dire flail of Mana {flame, rF++ SInv}
  4012 | D:6      | Identified the +6 dire flail of Checks and Balances {venom,
                  | Str-2 Dex+6}
  4012 | D:6      | Noticed a two-headed ogre
  4013 | D:6      | Found a transporter.
  4018 | D:6      | Found a transporter.
  4107 | D:6      | Found Buthuope's Book Boutique.
  4632 | D:7      | Found a sand-covered staircase.
  4648 | Ossuary  | Entered an ossuary
  5090 | D:7      | Noticed a hornet
  5102 | D:7      | Killed a hornet
  5807 | D:8      | Reached XP level 10. HP: 57/64 MP: 10/10
  6263 | D:8      | Found a staircase to the Lair.
  6302 | D:8      | Found a runed translucent door.
  6304 | D:8      | Found a basalt altar of Yredelemnul.
  6536 | D:8      | Found Ukhlaza's Jewellery Boutique.
  6552 | D:8      | Bought an amulet of guardian spirit for 330 gold pieces
  6827 | D:9      | Found a hazy altar of Hepliaklqana.
  7017 | D:9      | Found a staircase to the Orcish Mines.
  7420 | D:10     | Entered Level 10 of the Dungeon
  7915 | D:10     | Reached skill level 10 in Maces & Flails
  7933 | D:10     | Reached XP level 11. HP: 66/69 MP: 11/11
  9612 | D:12     | Noticed a two-headed ogre
  9653 | D:12     | Noticed a two-headed ogre
  9674 | D:12     | Killed a two-headed ogre
  9777 | D:12     | Noticed Azrael
  9921 | D:12     | Reached skill level 10 in Armour
  9946 | D:12     | Killed Azrael
  9959 | D:12     | Killed a two-headed ogre
 10183 | D:12     | Noticed Erolcha
 10200 | D:12     | Killed Erolcha
 10201 | D:12     | Reached skill level 1 in Throwing
 10201 | D:12     | Reached skill level 1 in Evocations
 10201 | D:12     | Reached XP level 12. HP: 76/76 MP: 12/12
 10531 | D:13     | Reached skill level 5 in Stealth
 11056 | D:13     | Noticed a centaur warrior
 11074 | D:13     | Killed a centaur warrior
 11075 | D:13     | Reached skill level 10 in Fighting
 11525 | Orc:1    | Entered Level 1 of the Orcish Mines
 11576 | Orc:1    | Paralysed by an orc sorcerer for 4 turns
 11729 | Orc:1    | Paralysed by an orc sorcerer for 5 turns
 11854 | Orc:1    | Found Ibacw's Jewellery Shoppe.
 11860 | Orc:1    | Bought the amulet of Pawei {-Cast rC+ rN++ Regen+ SInv} for
                  | 723 gold pieces
 11972 | Orc:1    | Paralysed by an orc sorcerer for 3 turns
 12083 | Orc:1    | Reached skill level 10 in Shields
 12953 | Orc:2    | Entered Level 2 of the Orcish Mines
 13083 | Orc:2    | Found Lole's Book Boutique.
 13175 | Orc:2    | Found a frozen archway.
 13183 | IceCv    | Entered an ice cave
 13191 | IceCv    | Reached XP level 13. HP: 76/83 MP: 13/13
 13527 | Orc:2    | Found Ryew's Antique Armour Shoppe.
 13796 | Orc:2    | Found Xaojanel's Antique Weapon Shoppe.
 13902 | Orc:2    | Bought an ichor-stained helmet for 313 gold pieces
 13902 | Orc:2    | Identified the +0 helmet of Vuisyes {rPois Regen+} (You
                  | bought it in a shop on level 2 of the Orcish Mines)
 13902 | Orc:2    | Bought a translucent plate armour for 924 gold pieces
 13902 | Orc:2    | Identified the +0 plate armour "Faan Pyupn" {rElec rPois
                  | Int+3 Slay-6} (You bought it in a shop on level 2 of the
                  | Orcish Mines)
 14120 | Orc:2    | Noticed an orc warlord
 14156 | Orc:2    | Killed an orc warlord
 14231 | Orc:2    | Found Cunohof's General Store.
 14259 | Orc:2    | Bought a scroll of acquirement for 780 gold pieces
 14259 | Orc:2    | Bought a scroll of identify for 30 gold pieces
 14259 | Orc:2    | Bought a scroll of teleportation for 45 gold pieces
 14259 | Orc:2    | Bought a scroll of identify for 30 gold pieces
 14259 | Orc:2    | Bought a scroll of blinking for 112 gold pieces
 14259 | Orc:2    | Acquired the ring "Tutoor" {Fire rCorr Int-2 Dex+3 Slay+5}
 14312 | Orc:2    | Found a staircase to the Elven Halls.
 14460 | Elf:1    | Entered Level 1 of the Elven Halls
 14466 | Elf:1    | Paralysed by an air elemental for 1 turns
 14471 | Elf:1    | Paralysed by an air elemental for 1 turns
 14478 | Elf:1    | Paralysed by an air elemental for 1 turns
 14484 | Elf:1    | Paralysed by an air elemental for 1 turns
 14635 | Elf:1    | Noticed a deep elf demonologist
 14656 | Elf:1    | Noticed a Hell Sentinel
 14662 | Elf:1    | Noticed a lorocyproca
 14662 | Elf:1    | Killed a deep elf demonologist
 14686 | Elf:1    | Gained mutation: Your large and strong wings let you fly.
                  | [Gargoyle growth]
 14686 | Elf:1    | Reached XP level 14. HP: 81/91 MP: 14/14
 14753 | Elf:1    | Got the Spellbook of the Mob
 15138 | Elf:1    | Paralysed by an air elemental for 1 turns
 15380 | Elf:1    | Acquired 908 gold pieces
 15532 | Elf:1    | Reached skill level 15 in Maces & Flails
 15978 | Lair:1   | Entered Level 1 of the Lair of Beasts
 15996 | Lair:1   | Bought a glowing buckler for 202 gold pieces
 16389 | Lair:1   | Noticed Erica
 16394 | Lair:1   | Killed Erica
 16592 | Lair:1   | Bought a faintly glowing cloak for 190 gold pieces
 16592 | Lair:1   | Identified the +1 cloak "Cetin" {rPois rF+ Int+3} (You
                  | bought it in a shop on level 1 of the Lair of Beasts)
 16702 | Lair:2   | Found a hole to the Spider Nest.
 16727 | Lair:2   | Reached XP level 15. HP: 76/98 MP: 15/15
 16837 | Lair:2   | Found a runed translucent door.
 16837 | Lair:2   | Noticed DemonSlayer's ghost (journeyman DsEE)
 17096 | Lair:2   | Identified the staff of earth "Xigetidgh" {Contam rF+++
                  | Str+5 Int-2}
 17845 | Lair:3   | Found a staircase to the Swamp.
 18285 | Lair:3   | Found a runed translucent gate.
 18285 | Lair:3   | Found a runed translucent gate.
 18310 | Lair:3   | Found a runed translucent gate.
 18505 | Lair:3   | Noticed olmar's ghost (journeyman AtFi)
 19220 | Lair:5   | Entered Level 5 of the Lair of Beasts
 19679 | Lair:5   | Reached skill level 15 in Armour
 19790 | Lair:5   | Found a staircase to the Slime Pits.
 19891 | Lair:5   | Identified the +9 plate armour "Fuustril" {Will+}
 20602 | Elf:2    | Found a runed translucent gate.
 20607 | Elf:2    | Found a runed translucent gate.
 20611 | Elf:2    | Paralysed by an air elemental for 1 turns
 20806 | Elf:2    | Reached XP level 16. HP: 105/106 MP: 16/16
 20908 | Elf:2    | Acquired a +2 eveningstar of flaming
 21090 | Elf:2    | Found a runed translucent gate.
 21980 | Elf:2    | Noticed a deep elf blademaster
 22267 | Elf:2    | Killed a deep elf blademaster
 22268 | Elf:2    | Reached skill level 15 in Shields
 22590 | Elf:3    | Entered Level 3 of the Elven Halls
 22684 | Elf:3    | Found a magical portal.
 22700 | WizLab   | Entered Doroklohe's Tomb
 22950 | WizLab   | Reached skill level 15 in Fighting
 22963 | WizLab   | Noticed an ancient lich
 22993 | WizLab   | Killed an ancient lich
 23686 | Elf:3    | Reached XP level 17. HP: 88/113 MP: 17/17
 25009 | Elf:3    | Identified the +6 flail of Stickiness {venom, rElec rF-
                  | Will- Dex+9}
 25039 | Abyss:2  | Cast into level 2 of the Abyss (a deep elf sorcerer)
 25099 | Abyss:2  | Noticed a bone dragon
 25101 | Abyss:2  | Noticed a tentacled starspawn
 25107 | Abyss:2  | Killed a tentacled starspawn
 25122 | Abyss:2  | Killed a bone dragon
 25169 | Abyss:2  | Noticed a tentacled starspawn
 25180 | Abyss:2  | Noticed a Hell Sentinel
 25187 | Abyss:2  | Killed a tentacled starspawn
 25209 | Abyss:2  | Noticed a bone dragon
 25211 | Abyss:2  | Killed a Hell Sentinel
 25227 | Abyss:2  | Killed a bone dragon
 25277 | Abyss:3  | Noticed a tentacled starspawn
 25288 | Abyss:3  | Killed a tentacled starspawn
 25350 | Elf:3    | Escaped the Abyss
 25351 | Elf:3    | Noticed a deep elf blademaster
 25351 | Elf:3    | Identified the +2 spear of Infinity {drain, rPois rN+++
                  | Str+2 Stlth-}
 25369 | Elf:3    | Killed a deep elf blademaster
 25420 | Elf:3    | Noticed a Hell Sentinel
 25423 | Elf:3    | Noticed a Tzitzimitl
 25431 | Elf:3    | Noticed a Hell Sentinel
 25588 | Elf:3    | Noticed a deep elf blademaster
 25592 | Elf:3    | Identified the +0 plate armour "Rahaum" {+Blink rCorr MP+9
                  | Str-5}
 25592 | Elf:3    | Noticed a deep elf master archer
 25756 | Elf:3    | Killed a deep elf master archer
 25770 | Elf:3    | Noticed a Brimstone Fiend
 25771 | Elf:3    | Noticed an Executioner
 25823 | Elf:3    | Killed a deep elf blademaster
 26858 | D:14     | Reached XP level 18. HP: 122/122 MP: 18/18
 26861 | D:14     | Noticed Snorg
 26874 | D:14     | Killed Snorg
 26914 | D:14     | Found a gate to the Vaults.
 27080 | D:14     | Found a portal to a secret trove of treasure.
 28015 | Swamp:1  | Entered Level 1 of the Swamp
 28342 | Swamp:1  | Identified the +10 sling "Wuzat Suna" {elec, rPois rF- rC+
                  | rCorr}
 29800 | Swamp:4  | Entered Level 4 of the Swamp
 29886 | Swamp:4  | Reached XP level 19. HP: 128/128 MP: 19/19
 30254 | Swamp:4  | Noticed the 27-headed Lernaean hydra
 30266 | Swamp:4  | Killed the 27-headed Lernaean hydra
 30277 | Swamp:4  | Got a decaying rune of Zot
 30599 | Spider:1 | Entered Level 1 of the Spider Nest
 30699 | Spider:1 | Noticed Josephine
 30706 | Spider:1 | Killed Josephine
 32826 | Spider:3 | Reached XP level 20. HP: 137/137 MP: 20/20
 33004 | Spider:3 | Noticed Mlioglotl
 33025 | Spider:3 | Killed Mlioglotl
 33055 | Spider:3 | Identified the +8 flail "Viseh" {freeze, *Corrode Int+6
                  | Dex+5}
 33077 | Spider:3 | Noticed Nikola
 33129 | Spider:3 | Killed Nikola
 33603 | Spider:4 | Entered Level 4 of the Spider Nest
 34740 | Spider:4 | Got a gossamer rune of Zot
 35381 | Vaults:1 | Entered Level 1 of the Vaults
 35381 | Vaults:1 | Found Wiluynif's Magic Scroll Shop.
 35678 | Vaults:1 | Found Tilathrown's Jewellery Shop.
 36056 | Vaults:1 | Found a huge runed gate.
 36056 | Vaults:1 | Found a huge runed gate.
 36056 | Vaults:1 | Found a huge runed gate.
 36056 | Vaults:1 | Found a huge runed gate.
 36056 | Vaults:1 | Found a huge runed gate.
 36057 | Vaults:1 | Found a huge runed gate.
 36057 | Vaults:1 | Found a huge runed gate.
 36057 | Vaults:1 | Found a huge runed gate.
 36057 | Vaults:1 | Found a huge runed gate.
 36075 | Vaults:1 | Found a huge runed gate.
 36075 | Vaults:1 | Found a huge runed gate.
 36075 | Vaults:1 | Found a huge runed gate.
 36075 | Vaults:1 | Found a huge runed gate.
 36075 | Vaults:1 | Found a huge runed gate.
 36075 | Vaults:1 | Found a huge runed gate.
 36081 | Vaults:1 | Found a huge runed gate.
 36082 | Vaults:1 | Found a huge runed gate.
 36084 | Vaults:1 | Found a huge runed gate.
 36096 | Vaults:1 | Found a huge runed gate.
 36104 | Vaults:1 | Found a huge runed gate.
 36104 | Vaults:1 | Found a huge runed gate.
 36104 | Vaults:1 | Found a huge runed gate.
 36104 | Vaults:1 | Found a huge runed gate.
 36104 | Vaults:1 | Found a huge runed gate.
 36104 | Vaults:1 | Found a huge runed gate.
 36105 | Vaults:1 | Found a huge runed gate.
 36106 | Vaults:1 | Found a huge runed gate.
 36107 | Vaults:1 | Found a huge runed gate.
 36115 | Vaults:1 | Found a huge runed gate.
 36115 | Vaults:1 | Found a huge runed gate.
 36115 | Vaults:1 | Found a huge runed gate.
 36115 | Vaults:1 | Found a huge runed gate.
 36115 | Vaults:1 | Found a huge runed gate.
 36115 | Vaults:1 | Found a huge runed gate.
 36116 | Vaults:1 | Found a huge runed gate.
 36117 | Vaults:1 | Found a huge runed gate.
 36239 | Vaults:1 | Reached XP level 21. HP: 144/144 MP: 21/21
 37769 | Vaults:2 | Identified the ring "Tepashru" {rElec rF+ Will+}
 37900 | Vaults:2 | Identified the +0 robe of Cacvirch {Will+ Str-4 Int+3
                  | Dex+5}
 38212 | Vaults:2 | Found the amulet of Vitality {RegenMP++ Regen++}
 38236 | Vaults:2 | Identified the ring "Boor" {rC+ rCorr MP+9}
 38695 | Vaults:2 | Reached XP level 22. HP: 153/153 MP: 22/22
 38907 | Vaults:3 | Bought the +0 pair of gloves "Faza" {rC+ MP+9 Stlth+} for
                  | 763 gold pieces
 39022 | Vaults:3 | Noticed Asterion
 39036 | Vaults:3 | Killed Asterion
 39183 | Vaults:3 | Found a staircase to the Crypt.
 39198 | Vaults:3 | Noticed Boris
 39214 | Vaults:3 | Killed Boris
 39381 | Vaults:3 | Found Heosor's Weapon Emporium.
 39809 | Vaults:3 | Found Zyrain's Armour Boutique.
 39847 | Vaults:3 | Found a runed translucent gate.
 39847 | Vaults:3 | Found a runed translucent gate.
 39847 | Vaults:3 | Found a runed translucent gate.
 39847 | Vaults:3 | Noticed ragingrage's ghost (veteran HOFi)
 40094 | Vaults:3 | You are sucked into a shaft and drop 1 floor!
 40094 | Vaults:4 | Noticed Aizul
 40105 | Vaults:4 | Killed Aizul
 40182 | Abyss:3  | Found a corrupted altar of Lugonu.
 40182 | Abyss:3  | Cast into level 3 of the Abyss (a wizard)
 40292 | Abyss:3  | Paralysed by an air elemental for 1 turns
 40348 | Abyss:3  | Found a transporter.
 40540 | Abyss:3  | Noticed a dread lich
 40560 | Abyss:3  | Paralysed by accursed screaming for 1 turns
 40564 | Abyss:3  | Killed a dread lich
 40566 | Abyss:3  | Paralysed by accursed screaming for 1 turns
 40574 | Abyss:3  | Paralysed by accursed screaming for 1 turns
 40588 | Abyss:3  | Found a transporter.
 40596 | Abyss:3  | Found a transporter.
 40598 | Abyss:3  | Got an abyssal rune of Zot
 40655 | Vaults:4 | Escaped the Abyss
 41271 | Vaults:4 | Reached XP level 23. HP: 130/160 MP: 23/23
 41892 | Vaults:5 | Entered Level 5 of the Vaults
 41892 | Vaults:5 | Noticed Jory
 41919 | Vaults:5 | Killed Jory
 42059 | Vaults:5 | Noticed an ancient lich
 42076 | Vaults:5 | Killed an ancient lich
 42200 | Vaults:5 | Noticed a golden dragon
 42211 | Vaults:5 | Killed a golden dragon
 42360 | Abyss:3  | Cast into level 3 of the Abyss (a deep elf sorcerer)
 42385 | Abyss:3  | Found a corrupted altar of Lugonu.
 42419 | Abyss:3  | Found a corrupted altar of Lugonu.
 42478 | Abyss:3  | Found a corrupted altar of Lugonu.
 42531 | Abyss:3  | Found a corrupted altar of Lugonu.
 42571 | Abyss:3  | Paralysed by accursed screaming for 1 turns
 42601 | Abyss:3  | Found a corrupted altar of Lugonu.
 42652 | Vaults:5 | Escaped the Abyss
 42766 | Vaults:5 | Reached XP level 24. HP: 137/169 MP: 23/23
 42789 | Vaults:5 | Noticed Saint Roka
 42913 | Vaults:5 | Found Naybyumukk's Distillery.
 42919 | Vaults:5 | Noticed a dread lich
 42971 | Vaults:5 | Killed a dread lich
 42993 | Vaults:5 | Killed Saint Roka
 43111 | Vaults:5 | Bought a potion of might for 60 gold pieces
 43111 | Vaults:5 | Bought a potion of lignification for 45 gold pieces
 43111 | Vaults:5 | Bought a potion of haste for 150 gold pieces
 43111 | Vaults:5 | Bought a potion of resistance for 150 gold pieces
 43111 | Vaults:5 | Bought a potion of heal wounds for 75 gold pieces
 43332 | Vaults:5 | Found Duvuib's Magic Scroll Shoppe.
 43347 | Vaults:5 | Bought a scroll of blinking for 105 gold pieces
 43347 | Vaults:5 | Bought a scroll of blinking for 105 gold pieces
 43347 | Vaults:5 | Bought a scroll of enchant weapon for 105 gold pieces
 43348 | Vaults:5 | Bought a scroll of poison for 56 gold pieces
 43428 | Vaults:5 | Got a silver rune of Zot
 43440 | Vaults:5 | Found Dued's Magic Scroll Boutique.
 43445 | Vaults:5 | Bought a scroll of poison for 84 gold pieces
 43445 | Vaults:5 | Bought a scroll of teleportation for 63 gold pieces
 43445 | Vaults:5 | Bought a scroll of poison for 84 gold pieces
 43445 | Vaults:5 | Bought a scroll of blinking for 157 gold pieces
 43445 | Vaults:5 | Bought a scroll of enchant armour for 157 gold pieces
 43533 | Vaults:5 | Found Xivvud Dunu's Magic Scroll Emporium.
 43542 | Vaults:5 | Bought a scroll of magic mapping for 90 gold pieces
 43542 | Vaults:5 | Bought a scroll of poison for 48 gold pieces
 43542 | Vaults:5 | Bought a scroll of fog for 48 gold pieces
 43629 | Vaults:5 | Found Ummuloys's Distillery.
 43633 | Vaults:5 | Bought a potion of curing for 39 gold pieces
 43633 | Vaults:5 | Bought a potion of heal wounds for 65 gold pieces
 43633 | Vaults:5 | Bought a potion of invisibility for 104 gold pieces
 43633 | Vaults:5 | Bought a potion of heal wounds for 65 gold pieces
 43633 | Vaults:5 | Bought a potion of curing for 39 gold pieces
 43633 | Vaults:5 | Bought a potion of might for 52 gold pieces
 43633 | Vaults:5 | Bought a potion of heal wounds for 65 gold pieces
 44236 | D:14     | You showed the abyssal rune of Zot to enter a treasure
                  | trove
 44237 | Trove    | Entered a treasure trove
 44239 | Trove    | Found the +3 pair of gauntlets of War {Slay+5}
 44239 | Trove    | Found the +3 Mad Mage's Maulers {Infuse+∞ VampMP -Cast}
 44243 | Trove    | Identified the +1 tower shield of the Lotus Blossom {rElec
                  | Str-4 SInv Stlth+}
 44247 | Trove    | Identified the +0 hat of the Crypt {+Inv Fly Will+++ Str-3}
 44249 | Trove    | Identified the +0 plate armour "Uroij" {rElec rN+ Str-2
                  | Dex+3}
 44251 | Trove    | Identified the +0 helmet of Tartarus {*Corrode rF++ Regen+
                  | Dex+2}
 44254 | Trove    | Identified the +2 cloak "Noint" {Slay+6}
 44259 | Trove    | Identified the +0 cloak of Xicritze {rF+ Will+ Dex+3}
 44265 | Trove    | Identified the +1 robe of the Hanged Man {Int+3}
 44583 | Slime:1  | Entered Level 1 of the Pits of Slime
 45814 | Slime:5  | Entered Level 5 of the Pits of Slime
 45890 | Slime:5  | Gained mutation: You occasionally lose the ability to drink
                  | potions when taking damage. [a shining eye]
 45900 | Slime:5  | Gained mutation: You are partially covered in iridescent
                  | scales. (AC +2) [a shining eye]
 45911 | Slime:5  | Gained mutation: You occasionally shout uncontrollably at
                  | your foes. [a shining eye]
 45913 | Slime:5  | Noticed the Royal Jelly
 45933 | Slime:5  | Found a viscous altar of Jiyva.
 45935 | Slime:5  | Gained mutation: You occasionally lose the ability to read
                  | scrolls when taking damage. [a shining eye]
 45936 | Slime:5  | Found the +8 longbow "Zephyr" {speed, Dex+3 SInv}
 45940 | Slime:5  | Gained mutation: You sometimes lose your temper in combat.
                  | [a shining eye]
 45941 | Slime:5  | Gained mutation: You are clumsy. (Dex -2) [a shining eye]
 46295 | Slime:5  | Gained mutation: Your body sometimes deteriorates upon
                  | taking damage. [a shining eye]
 46299 | Slime:5  | Gained mutation: You are very clumsy. (Dex -4) [a shining
                  | eye]
 46301 | Slime:5  | Gained mutation: You have hidden genetic defects. [a
                  | shining eye]
 46303 | Slime:5  | Gained mutation: You are weak. (Str -2) [a shining eye]
 46389 | Slime:3  | Gained mutation: You are very weak. (Str -4) [a shining
                  | eye]
 46398 | Slime:3  | Gained mutation: You are frail. (-10% HP) [a shining eye]
 46399 | Slime:3  | Gained mutation: You are vulnerable to cold. (rC-) [a
                  | shining eye]
 46421 | Slime:3  | Reached skill level 27 in Shields
 46576 | Slime:5  | Killed the Royal Jelly
 46673 | Slime:5  | Gained mutation: You do not regenerate when monsters are
                  | visible. [a shining eye]
 46678 | Slime:5  | Gained mutation: Potions are less effective at restoring
                  | your health. [a shining eye]
 46776 | Slime:5  | Identified the +9 shortbow of Agony {freeze, rElec rCorr
                  | Dex+3}
 46791 | Slime:5  | Identified the +3 war axe of Causality {antimagic, rN+
                  | Dex+3}
 46793 | Slime:5  | Got a slimy rune of Zot
 46794 | Slime:5  | Identified the ring "Deyck" {rN+ Will+}
 46819 | Slime:5  | Identified the +3 scale mail "Tiono" {rElec rPois Dex+4}
 46867 | Slime:5  | Identified the +1 trident "Ofibafupt" {venom, rN+ Will+}
 46869 | Slime:5  | Identified the +0 ring mail of Bequeathed Surprise {rElec
                  | Str-3 Int+5}
 46870 | Slime:5  | Identified the +3 ring mail "Ysaur" {rPois rF+ Stlth+}
 48116 | Lair:5   | Lost mutation: Potions are less effective at restoring your
                  | health. [potion of mutation]
 48116 | Lair:5   | Lost mutation: You are very clumsy. (Dex -4) [potion of
                  | mutation]
 48116 | Lair:5   | Lost mutation: You sometimes lose your temper in combat.
                  | [potion of mutation]
 48116 | Lair:5   | Lost mutation: You are clumsy. (Dex -2) [potion of
                  | mutation]
 48117 | Lair:5   | Lost mutation: You occasionally shout uncontrollably at
                  | your foes. [potion of mutation]
 48117 | Lair:5   | Lost mutation: You do not regenerate when monsters are
                  | visible. [potion of mutation]
 48117 | Lair:5   | Lost mutation: You are frail. (-10% HP) [potion of
                  | mutation]
 48117 | Lair:5   | Gained mutation: You are mostly covered in iridescent
                  | scales. (AC +4) [potion of mutation]
 48117 | Lair:5   | Gained mutation: You are completely covered in iridescent
                  | scales. (AC +6) [potion of mutation]
 48118 | Lair:5   | Lost mutation: You occasionally lose the ability to drink
                  | potions when taking damage. [potion of mutation]
 48118 | Lair:5   | Lost mutation: You occasionally lose the ability to read
                  | scrolls when taking damage. [potion of mutation]
 48118 | Lair:5   | Gained mutation: You have sharp toenails. [potion of
                  | mutation]
 48118 | Lair:5   | Lost mutation: You have sharp toenails. [potion of
                  | mutation]
 48119 | Lair:5   | Lost mutation: You are vulnerable to cold. (rC-) [potion of
                  | mutation]
 48119 | Lair:5   | Lost mutation: You are completely covered in iridescent
                  | scales. (AC +6) [potion of mutation]
 48119 | Lair:5   | Lost mutation: Your body sometimes deteriorates upon taking
                  | damage. [potion of mutation]
 48119 | Lair:5   | Lost mutation: You are mostly covered in iridescent scales.
                  | (AC +4) [potion of mutation]
 48119 | Lair:5   | Gained mutation: You expend magic power (3 MP) to
                  | strengthen your wands. [potion of mutation]
 48119 | Lair:5   | Gained mutation: You are strong-willed. (Will+) [potion of
                  | mutation]
 48120 | Lair:5   | Lost mutation: You are strong-willed. (Will+) [potion of
                  | mutation]
 48120 | Lair:5   | Lost mutation: You are very weak. (Str -4) [potion of
                  | mutation]
 48120 | Lair:5   | Lost mutation: You expend magic power (3 MP) to strengthen
                  | your wands. [potion of mutation]
 48381 | Vaults:1 | Bought a scroll of identify for 38 gold pieces
 48381 | Vaults:1 | Bought a scroll of brand weapon for 180 gold pieces
 48381 | Vaults:1 | Bought a scroll of enchant armour for 142 gold pieces
 48381 | Vaults:1 | Bought a scroll of fog for 76 gold pieces
 48381 | Vaults:1 | Bought a scroll of teleportation for 57 gold pieces
 48399 | D:15     | Entered Level 15 of the Dungeon
 48545 | D:15     | Noticed Jorgrun
 48557 | D:15     | Killed Jorgrun
 48697 | D:15     | Noticed Kirke
 48697 | D:15     | Gained mutation: You occasionally lose the ability to read
                  | scrolls when taking damage. [hidden defects]
 48705 | D:15     | Killed Kirke
 48816 | D:15     | Found a staircase to the Depths.
 48877 | D:15     | Reached XP level 25. HP: 176/176 MP: 23/23
 49208 | Depths:1 | Entered Level 1 of the Depths
 49224 | Depths:1 | Found Vesenid's Antique Armour Shoppe.
 49236 | Depths:1 | Bought a pair of glowing boots for 262 gold pieces
 49264 | Depths:1 | Lost mutation: You have hidden genetic defects. [potion of
                  | mutation]
 49264 | Depths:1 | Lost mutation: You are weak. (Str -2) [potion of mutation]
 49264 | Depths:1 | Lost mutation: You are partially covered in iridescent
                  | scales. (AC +2) [potion of mutation]
 49264 | Depths:1 | Gained mutation: You are robust. (+10% HP) [potion of
                  | mutation]
 49264 | Depths:1 | Gained mutation: You occasionally shout uncontrollably at
                  | your foes. [potion of mutation]
 49281 | Depths:1 | Noticed an ancient lich
 49294 | Depths:1 | Killed an ancient lich
 49308 | Depths:1 | Noticed a dread lich
 49342 | Depths:1 | Killed a dread lich
 49454 | Depths:1 | Found a one-way gateway to a ziggurat.
 49518 | Depths:1 | Found a radiant altar of Vehumet.
 49562 | Depths:1 | Found a gateway to Hell.
 50149 | Depths:2 | Found a runed translucent gate.
 50149 | Depths:2 | Found an ancient bone altar of Kikubaaqudgha.
 50155 | Depths:2 | Noticed Himmaryad's ghost (adept TrMo)
 50155 | Depths:2 | Noticed Polaczum's ghost (adept TrMo)
 50156 | Depths:2 | Found a runed translucent gate.
 50156 | Depths:2 | Found a runed translucent gate.
 50156 | Depths:2 | Noticed a dread lich
 50156 | Depths:2 | Noticed Pikuto's ghost (adept MiBe)
 50287 | Depths:2 | Killed a dread lich
 50302 | Depths:2 | Killed Pikuto's ghost
 50312 | Depths:2 | Killed Polaczum's ghost
 50322 | Depths:2 | Killed Himmaryad's ghost
 50337 | Depths:2 | Identified the +3 helmet "Plog" {+Blink rN+ MP+9 Str+3}
 50340 | Depths:2 | Identified the ring of Internal Strife {Fire +Blink Str+8
                  | Dex-4}
 50357 | Depths:2 | Acquired 1244 gold pieces
 50363 | Depths:2 | Acquired 379 gold pieces
 50365 | Depths:2 | Acquired 1297 gold pieces
 50418 | Depths:2 | You are sucked into a shaft and drop 1 floor!
 50881 | Depths:3 | Found a one-way gate to the infinite horrors of the Abyss.
 50912 | Depths:3 | Found a one-way gate leading to the halls of Pandemonium.
 51080 | Depths:3 | Noticed a juggernaut
 51094 | Depths:3 | Killed a juggernaut
 51096 | Depths:3 | Paralysed by a floating eye for 4 turns
 51235 | Depths:3 | Reached XP level 26. HP: 206/206 MP: 23/23
 51269 | Depths:3 | Paralysed by a floating eye for 3 turns
 51281 | Depths:3 | Paralysed by a floating eye for 4 turns
 51320 | Depths:3 | Paralysed by a floating eye for 3 turns
 51569 | Depths:4 | Entered Level 4 of the Depths
 51726 | Depths:4 | Found a gate to the Realm of Zot.
 51768 | Depths:4 | Found an ornate altar of the Wu Jian Council.
 51821 | Depths:4 | Found a runed translucent door.
 52229 | Hell     | Entered the Vestibule of Hell
 52229 | Hell     | Noticed Geryon
 52239 | Hell     | Noticed Murray
 52262 | Hell     | Killed Geryon
 52276 | Hell     | Killed Murray
 52350 | Hell     | Found a gateway to the Iron City of Dis.
 52363 | Dis:1    | Entered Level 1 of the Iron City of Dis
 52365 | Dis:1    | You are sucked into a shaft and drop 1 floor!
 53262 | Dis:5    | Reached XP level 27. HP: 196/216 MP: 23/23
 53553 | Dis:6    | Reached skill level 27 in Fighting
 53766 | Dis:7    | Entered Level 7 of the Iron City of Dis
 54072 | Dis:7    | Noticed a juggernaut
 54094 | Dis:7    | Killed a juggernaut
 54675 | Dis:7    | Noticed a juggernaut
 54689 | Dis:7    | Killed a juggernaut
 54732 | Dis:7    | Reached skill level 27 in Maces & Flails
 54818 | Dis:7    | Noticed a juggernaut
 54829 | Dis:7    | Killed a juggernaut
 55617 | Dis:7    | Noticed the Serpent of Hell
 55633 | Dis:7    | Killed the Serpent of Hell
 55694 | Dis:7    | Noticed Dispater
 55739 | Dis:7    | Killed Dispater
 55768 | Dis:7    | Identified the staff of earth "Ivvulin" {rC- Will++ Int+3
                  | Dex+3}
 55771 | Dis:7    | Got an iron rune of Zot
 55774 | Dis:7    | Identified the +7 long sword of Severance {drain, rF+}
 55933 | Dis:7    | Reached skill level 10 in Stealth
 56066 | Dis:7    | Identified the ring of Qeixamod {AC+4 Int+2}
 56070 | Dis:7    | Identified the +1 falchion of the Coward {holy, rCorr
                  | Dex+2}
 56072 | Dis:7    | Identified the amulet "Doopluana" {Faith rElec rPois Str-3}
 56396 | Hell     | Found a gateway to the decaying netherworld of Tartarus.
 56404 | Tar:1    | Entered Level 1 of Tartarus
 56778 | Tar:3    | Reached skill level 5 in Dodging
 56880 | Tar:3    | Reached skill level 5 in Evocations
 58237 | Tar:6    | Noticed a dread lich
 58244 | Tar:6    | Killed a dread lich
 58306 | Tar:6    | Noticed a dread lich
 58325 | Tar:6    | Paralysed by a dread lich for 4 turns
 58333 | Tar:6    | Killed a dread lich
 58540 | Tar:7    | Entered Level 7 of Tartarus
 58680 | Tar:7    | Noticed an ancient lich
 58692 | Tar:7    | Killed an ancient lich
 60425 | Tar:7    | Reached skill level 27 in Armour
 60431 | Tar:7    | Got the Catalogue of the Fluctuating Geologist
 60473 | Tar:7    | Reached skill level 15 in Stealth
 60721 | Tar:7    | Noticed Ereshkigal
 60744 | Tar:7    | Paralysed by Ereshkigal for 3 turns
 60759 | Tar:7    | Killed Ereshkigal
 60772 | Tar:7    | Got a bone rune of Zot
 61116 | Tar:7    | Identified the ring "Roqo" {rC+ EV+5 SInv}
 61871 | Tar:7    | Identified the +1 quarterstaff of Kismet {freeze, rElec
                  | rPois Will- SInv}
 61873 | Tar:7    | Identified the +0 war axe of Ascent {chaos, Will+ Str+2}
 61878 | Tar:7    | Identified the +2 quarterstaff "Ocar" {antimagic, *Corrode
                  | rElec rN+ Will+}
 61918 | Tar:7    | Identified the +9 sling "Erphuarr" {freeze, Fly rF- Will+
                  | Int+3}
 61919 | Tar:7    | Identified the +2 leather armour "Wujex" {rF+}
 61966 | Tar:7    | Identified the +2 pair of boots "Nuomn" {rC++ Regen+}
 61992 | Tar:7    | Identified the staff of fire "Kaciuffu" {rF+ rC+ MP+9}
 62017 | Tar:7    | Identified the staff of death "Oxoup" {rN+ SInv}
 62109 | Hell     | Found a gateway to the freezing wastes of Cocytus.
 62186 | Coc:1    | Entered Level 1 of Cocytus
 62203 | Coc:1    | Reached skill level 10 in Dodging
 62403 | Coc:3    | Paralysed by a wendigo for 1 turns
 62481 | Coc:3    | Paralysed by a wendigo for 1 turns
 62593 | Coc:4    | Paralysed by a wendigo for 1 turns
 63278 | Coc:7    | Entered Level 7 of Cocytus
 63569 | Coc:7    | Paralysed by a wendigo for 1 turns
 63616 | Coc:7    | Paralysed by a wendigo for 1 turns
 63961 | Coc:7    | Identified the +1 morningstar "Transmigrator" {freeze,
                  | Int+3 Stlth+}
 63961 | Coc:7    | Noticed Antaeus
 64040 | Coc:7    | Killed Antaeus
 64074 | Coc:7    | Got an icy rune of Zot
 64094 | Coc:7    | Identified the +2 robe of Zoxty {rC++}
 64230 | Coc:7    | Paralysed by a wendigo for 1 turns
 64839 | Hell     | Found a gateway to the ashen valley of Gehenna.
 64952 | Geh:1    | Entered Level 1 of Gehenna
 65456 | Geh:4    | Reached skill level 15 in Dodging
 66078 | Geh:7    | Entered Level 7 of Gehenna
 66796 | Geh:7    | Identified the ring "Mafad" {Str+6 Int+6}
 66837 | Geh:7    | Found the +13 sceptre of Asmodeus
 66837 | Geh:7    | Noticed Asmodeus
 66855 | Geh:7    | Killed Asmodeus
 66866 | Geh:7    | Got an obsidian rune of Zot
 67054 | Pan      | Entered Pandemonium
 67125 | Pan      | Noticed Hoar Suruj the pandemonium lord
 67132 | Pan      | Killed Hoar Suruj the pandemonium lord
 67287 | Pan      | Got the Almanac of Calculation
 67387 | Pan      | Gained mutation: You occasionally lose the ability to drink
                  | potions when taking damage. [a neqoxec]
 68230 | Pan      | Found an exit through the horrors of the Abyss.
 68601 | Pan      | Noticed Quinumnaf the pandemonium lord
 69063 | Pan      | Killed Quinumnaf the pandemonium lord
 69074 | Pan      | Got a demonic rune of Zot
 69082 | Pan      | Reached skill level 10 in Evocations
 70197 | Pan      | Gained mutation: You are vulnerable to heat. (rF-) [a
                  | neqoxec]
 70214 | Pan      | Entered the realm of Cerebov.
 70243 | Pan      | Found an exit through the horrors of the Abyss.
 70331 | Pan      | Found the +6 sword of Cerebov {flame}
 70331 | Pan      | Noticed Cerebov
 70550 | Pan      | Identified the +10 falchion "Ulad" {vamp, rElec Will+}
 70551 | Pan      | Identified the +7 longbow "Spiderbane" {antimagic, Str+4}
 70567 | Pan      | Got Yragul's Secrets of the Metallic Gift
 70597 | Pan      | Identified the ring "Dalusel" {rPois Will- AC+4 Str+4
                  | Int+2}
 70637 | Pan      | Killed Cerebov
 70642 | Pan      | Reached skill level 27 in Stealth
 70716 | Pan      | Identified the +8 short sword "Acoel" {freeze, Str+3}
 71420 | Pan      | Got a fiery rune of Zot
 71810 | Pan      | Noticed Diozent the pandemonium lord
 71816 | Pan      | Killed Diozent the pandemonium lord
 71819 | Pan      | Gained mutation: You are dopey. (Int -2) [a neqoxec]
 72808 | Pan      | Found an exit through the horrors of the Abyss.
 72877 | Pan      | Noticed Coanic the pandemonium lord
 72888 | Pan      | Killed Coanic the pandemonium lord
 73434 | Pan      | Entered the realm of Mnoleg.
 73629 | Pan      | Paralysed by a floating eye for 4 turns
 73698 | Pan      | Reached skill level 15 in Evocations
 73962 | Pan      | Noticed Mnoleg
 73978 | Pan      | Killed Mnoleg
 74069 | Pan      | Got a glowing rune of Zot
 74297 | Pan      | Found an exit through the horrors of the Abyss.
 74336 | Pan      | Entered the realm of Gloorx Vloq.
 74510 | Pan      | Noticed Mennas
 74525 | Pan      | Killed Mennas
 74991 | Pan      | Noticed Gloorx Vloq
 75010 | Pan      | Killed Gloorx Vloq
 75022 | Pan      | Got a dark rune of Zot
 75454 | Pan      | Found an exit through the horrors of the Abyss.
 75537 | Pan      | Noticed Deamen the pandemonium lord
 75547 | Pan      | Killed Deamen the pandemonium lord
 75698 | Pan      | Found an exit through the horrors of the Abyss.
 76323 | Pan      | Noticed Vuqooco the pandemonium lord
 76328 | Pan      | Lost mutation: You are robust. (+10% HP) [a cacodemon]
 76329 | Pan      | Gained mutation: Your body sometimes deteriorates upon
                  | taking damage. [a cacodemon]
 76332 | Pan      | Killed Vuqooco the pandemonium lord
 76367 | Pan      | Identified the +3 halberd "Beetleslayer" {vamp, Will+}
 76620 | Pan      | Noticed Ysmaurel the pandemonium lord
 76645 | Pan      | Killed Ysmaurel the pandemonium lord
 76947 | Pan      | Found an exit through the horrors of the Abyss.
 77196 | Pan      | Entered the realm of Lom Lobon.
 77270 | Pan      | Lost mutation: You are vulnerable to heat. (rF-) [potion of
                  | mutation]
 77270 | Pan      | Lost mutation: You occasionally lose the ability to read
                  | scrolls when taking damage. [potion of mutation]
 77270 | Pan      | Lost mutation: You occasionally lose the ability to drink
                  | potions when taking damage. [potion of mutation]
 77270 | Pan      | Gained mutation: You are partially covered in iridescent
                  | scales. (AC +2) [potion of mutation]
 77486 | Pan      | Identified the +4 robe "Tyiqis" {rPois rN++ Str+5}
 77548 | Pan      | Found an exit through the horrors of the Abyss.
 78041 | Pan      | Noticed Lom Lobon
 78069 | Pan      | Killed Lom Lobon
 78139 | Pan      | Got a magical rune of Zot
 78457 | Pan      | Took an exit into the Abyss.
 78457 | Abyss:3  | Escaped into the Abyss
 78458 | Abyss:3  | Found a corrupted altar of Lugonu.
 78460 | Abyss:3  | Found a runed translucent gate.
 78462 | Abyss:3  | Found a runed translucent gate.
 78466 | Abyss:3  | Found a runed translucent gate.
 78512 | Depths:3 | Escaped the Abyss
 79710 | Crypt:1  | Entered Level 1 of the Crypt
 80071 | Crypt:2  | Identified the +2 robe of the Inviting Gods {rC+}
 80072 | Crypt:2  | Identified the +7 quarterstaff "Coucsoymp" {heavy, rElec
                  | rN+ Str-3}
 80077 | Crypt:2  | Got the Compendium of Stormy Immolation
 80274 | Crypt:2  | Acquired 810 gold pieces
 80356 | Crypt:3  | Entered Level 3 of the Crypt
 80445 | Crypt:3  | Found a huge runed gate.
 80446 | Crypt:3  | Found a huge runed gate.
 80446 | Crypt:3  | Found a huge runed gate.
 80446 | Crypt:3  | Found a huge runed gate.
 80447 | Crypt:3  | Found a huge runed gate.
 80447 | Crypt:3  | Found a huge runed gate.
 80447 | Crypt:3  | Found a huge runed gate.
 80447 | Crypt:3  | Found a huge runed gate.
 80447 | Crypt:3  | Found a huge runed gate.
 80448 | Crypt:3  | Found a huge runed gate.
 80448 | Crypt:3  | Found a huge runed gate.
 80450 | Crypt:3  | Found a huge runed gate.
 80451 | Crypt:3  | Found a huge runed gate.
 80455 | Crypt:3  | Noticed Margery
 80472 | Crypt:3  | Killed Margery
 80653 | Crypt:3  | Found a staircase to the Tomb.
 80722 | Tomb:1   | Entered Level 1 of the Tomb of the Ancients
 80976 | Tomb:1   | Identified the +0 chain mail of Raocief {Fly Will+}
 81262 | Tomb:1   | Noticed a royal mummy
 81287 | Tomb:1   | Killed a royal mummy
 81517 | Tomb:2   | Noticed a royal mummy
 81524 | Tomb:2   | Noticed a royal mummy
 81524 | Tomb:2   | Noticed a royal mummy
 81525 | Tomb:2   | Noticed a royal mummy
 81539 | Tomb:2   | Killed a royal mummy
 81596 | Tomb:2   | Killed a royal mummy
 81600 | Tomb:2   | Killed a royal mummy
 81634 | Tomb:2   | Killed a royal mummy
 82044 | Tomb:1   | Noticed a royal mummy
 82051 | Tomb:1   | Killed a royal mummy
 82078 | Tomb:1   | Noticed a royal mummy
 82089 | Tomb:1   | Killed a royal mummy
 82132 | Tomb:1   | Noticed a royal mummy
 82141 | Tomb:1   | Killed a royal mummy
 82155 | Tomb:1   | Noticed a royal mummy
 82165 | Tomb:1   | Killed a royal mummy
 82202 | Tomb:1   | Noticed a royal mummy
 82207 | Tomb:1   | Noticed a royal mummy
 82209 | Tomb:1   | Noticed a royal mummy
 82211 | Tomb:1   | Killed a royal mummy
 82216 | Tomb:1   | Killed a royal mummy
 82218 | Tomb:1   | Killed a royal mummy
 82310 | Tomb:1   | Noticed a royal mummy
 82317 | Tomb:1   | Killed a royal mummy
 82342 | Tomb:1   | Noticed a royal mummy
 82347 | Tomb:1   | Noticed a royal mummy
 82358 | Tomb:1   | Killed a royal mummy
 82363 | Tomb:1   | Noticed a royal mummy
 82366 | Tomb:1   | Killed a royal mummy
 82367 | Tomb:1   | Noticed a royal mummy
 82370 | Tomb:1   | Noticed a royal mummy
 82371 | Tomb:1   | Killed a royal mummy
 82373 | Tomb:1   | Noticed a royal mummy
 82376 | Tomb:1   | Killed a royal mummy
 82382 | Tomb:1   | Killed a royal mummy
 82390 | Tomb:1   | Killed a royal mummy
 82626 | Tomb:3   | Entered Level 3 of the Tomb of the Ancients
 82643 | Tomb:3   | Noticed a royal mummy
 82646 | Tomb:3   | Noticed a royal mummy
 82658 | Tomb:3   | Noticed a royal mummy
 82705 | Tomb:3   | Noticed a royal mummy
 82728 | Tomb:3   | Noticed a royal mummy
 82728 | Tomb:3   | Noticed a royal mummy
 82739 | Tomb:3   | Killed a royal mummy
 82740 | Tomb:3   | Killed a royal mummy
 82750 | Tomb:3   | Noticed a royal mummy
 82752 | Tomb:3   | Killed a royal mummy
 82828 | Tomb:3   | Killed a royal mummy
 82834 | Tomb:3   | Noticed a royal mummy
 82851 | Tomb:3   | Killed a royal mummy
 82887 | Tomb:3   | Killed a royal mummy
 82903 | Tomb:3   | Killed a royal mummy
 83061 | Tomb:3   | Killed a royal mummy
 83518 | Tomb:3   | Identified the +7 short sword "Aceples" {freeze, Fragile
                  | rElec rC+++ MP+9}
 83535 | Tomb:3   | Identified the +1 hand axe of Annihilation {freeze, rPois
                  | rF+ rN+}
 83544 | Tomb:3   | Identified the +0 trident of Guvug {heavy, *Corrode rN+
                  | Stlth+}
 83559 | Tomb:3   | Identified the +2 chain mail of Noughts and Crosses {rC++
                  | Str-3 Stlth+}
 83660 | Tomb:3   | Got a golden rune of Zot
 84248 | Zot:1    | Entered Level 1 of the Realm of Zot
 84648 | Zot:3    | Identified the +1 cloak of Teopled {rPois Int+2}
 84649 | Zot:3    | Noticed Flapstick's ghost (legendary HaBe)
 84662 | Zot:3    | Found a bloodstained altar of Trog.
 84716 | Zot:3    | Noticed Grunn
 84723 | Zot:3    | Killed Grunn
 84958 | Zot:4    | Found a transporter.
 85002 | Zot:5    | Entered Level 5 of the Realm of Zot
 85573 | Zot:5    | Noticed an ancient lich
 85581 | Zot:5    | Killed an ancient lich
 85616 | Zot:5    | Noticed an orb of fire
 85616 | Zot:5    | Noticed an orb of fire
 85616 | Zot:5    | Gained mutation: Your muscles are strong. (Str +4, Int/Dex
                  | -1) [an orb of fire]
 85616 | Zot:5    | Noticed an orb of fire
 85618 | Zot:5    | Gained mutation: You occasionally lose the ability to drink
                  | potions when taking damage. [an orb of fire]
 85619 | Zot:5    | Gained mutation: Your spells are a little easier to cast,
                  | but a little less powerful. [an orb of fire]
 85620 | Zot:5    | Noticed an orb of fire
 85621 | Zot:5    | Gained mutation: You are clumsy. (Dex -2) [an orb of fire]
 85626 | Zot:5    | Killed an orb of fire
 85632 | Zot:5    | Gained mutation: You sometimes lose your temper in combat.
                  | [an orb of fire]
 85635 | Zot:5    | Gained mutation: You have hidden genetic defects. [an orb
                  | of fire]
 85637 | Zot:5    | Gained mutation: You are very dopey. (Int -4) [an orb of
                  | fire]
 85637 | Zot:5    | Gained mutation: You have terrible hidden genetic defects.
                  | [an orb of fire]
 85644 | Zot:5    | Lost mutation: You are very dopey. (Int -4) [potion of
                  | mutation]
 85644 | Zot:5    | Lost mutation: You are partially covered in iridescent
                  | scales. (AC +2) [potion of mutation]
 85644 | Zot:5    | Lost mutation: You are clumsy. (Dex -2) [potion of
                  | mutation]
 85644 | Zot:5    | Lost mutation: You occasionally shout uncontrollably at
                  | your foes. [potion of mutation]
 85644 | Zot:5    | Lost mutation: Your body sometimes deteriorates upon taking
                  | damage. [potion of mutation]
 85645 | Zot:5    | Lost mutation: You occasionally lose the ability to drink
                  | potions when taking damage. [potion of mutation]
 85645 | Zot:5    | Lost mutation: You are dopey. (Int -2) [potion of mutation]
 85645 | Zot:5    | Lost mutation: Your spells are a little easier to cast, but
                  | a little less powerful. [potion of mutation]
 85645 | Zot:5    | Gained mutation: Your muscles are very strong. (Str +8,
                  | Int/Dex -2) [potion of mutation]
 85645 | Zot:5    | Gained mutation: Armour fits poorly on your strangely
                  | shaped body. [potion of mutation]
 85645 | Zot:5    | Gained mutation: You are agile. (Dex +4, Str/Int -1)
                  | [potion of mutation]
 85647 | Zot:5    | Lost mutation: Your muscles are very strong. (Str +8,
                  | Int/Dex -2) [potion of mutation]
 85647 | Zot:5    | Lost mutation: You have terrible hidden genetic defects.
                  | [potion of mutation]
 85647 | Zot:5    | Lost mutation: Armour fits poorly on your strangely shaped
                  | body. [potion of mutation]
 85647 | Zot:5    | Gained mutation: A frigid envelope surrounds you and
                  | freezes all who hurt you. [potion of mutation]
 85647 | Zot:5    | Gained mutation: You have a somewhat thin skeletal
                  | structure. (Dex +2, Stealth+) [potion of mutation]
 85647 | Zot:5    | Lost mutation: You have hidden genetic defects. [potion of
                  | mutation]
 85702 | Zot:5    | Noticed an orb of fire
 85715 | Zot:5    | Killed an orb of fire
 85737 | Zot:5    | Noticed an orb of fire
 85752 | Zot:5    | Killed an orb of fire
 85827 | Zot:5    | Gained mutation: You are partially covered in iridescent
                  | scales. (AC +2) [an orb of fire]
 85829 | Zot:5    | Gained mutation: You are dopey. (Int -2) [an orb of fire]
 85836 | Zot:5    | Killed an orb of fire
 85849 | Zot:5    | Gained mutation: Your spells are a little easier to cast,
                  | but a little less powerful. [an orb of fire]
 85855 | Zot:5    | Killed an orb of fire
 85872 | Zot:5    | Got the Orb of Zot
 86014 | Zot:3    | Found a transporter.
 86015 | Zot:3    | Identified the +0 cloak of Fedhas's Delight {*Corrode rElec
                  | Str+3}
 86489 | D:2      | Noticed Wysoq the pandemonium lord
 86522 | D:$      | Escaped with the Orb!

Illustrated notes

Levels and vault maps discovered:
D:1:      sevenhm_arrival_forest_fort_large_1, layout_loops_ring,
          shapermc_ecumenical_altar_totnotflames, minmay_tetromino_l4
D:2:      layout_basic, serial_shops, shop, uniq_jessica
D:3:      layout_rooms, grunt_temple_overflow_open
D:4:      layout_gridville, mainiacjoe_overflow_24_doors,
          minmay_temple_entry_drinking_statues, minmay_misc_feat_diagonals,
          dk_noncrumbling_3
D:5:      layout_loops_cross
D:6:      layout_rooms, serial_shops, shop, kennysheep_mini_moat,
          gup_sewer_entry_bowl, gammafunk_ghost_smash, minivault_24,
          amethyst_killhole, grunt_decor_cap, uniq_prince_ribbit1
D:7:      layout_loops_ring, enter_ossuary_4, supply_closet_lemuel
D:8:      layout_basic, dk_yredelemnul_ordeal, lair_entry_dummy, serial_shops,
          shop
D:9:      layout_rooms, mainiacjoe_overflow_alcove_1, david_orc_5
D:10:     layout_basic, minmay_ruffians
D:11:     layout_basic
D:12:     layout_cave_pools, uniq_azrael, uniq_erolcha
D:13:     layout_roguey
D:14:     layout_basic, erik_vaults_2, hex_medium, enter_trove_1, uniq_snorg
D:15:     gammafunk_depths_entry_grave, layout_basic, serial_bayou_pond_b,
          uniq_jorgrun, uniq_kirke
Temple:   minmay_temple_bridge_d
Lair:1:   layout_roguey, uniq_erica
Lair:2:   dreamdust_isle_of_ice, layout_regular_city, dummy_spider_entry,
          hellmonk_ghost_happy_afterlife
Lair:3:   layout_regular_city, swamp_mist_pool, ebering_ghost_rock_garden
Lair:4:   layout_loops_ring
Lair:5:   minmay_lair_end_frog_pond, layout_cave_pods, slime_entry_1,
          minivault_19
Swamp:1:  layout_falls_marsh, evilmike_swamp_ruin_house_4, swamp_pool1,
          nicolae_swamp_feature_on_the_river_bank
Swamp:2:  layout_basic_swamp, nicolae_swamp_well_well_well
Swamp:3:  layout_falls_marsh, hangedman_swamp_blocks, infiniplex_staircase_pool
Swamp:4:  grunt_swamp_rune_castle, layout_basic_swamp
Spider:1: layout_spider_delve, uniq_josephine
Spider:2: nicolae_spider_jumping_over_cracks [nicolae_spider_jumping_sub_lava,
          nicolae_spider_jumping_sub_divot, nicolae_spider_jumping_sub_shuffled,
          nicolae_spider_jumping_sub_no_exit], nicolae_crawler_farm
Spider:3: layout_spider_delve, nicolae_spider_orb_run, uniq_nikola,
          uniq_mlioglotl
Spider:4: grunt_spider_rune_parallel
Slime:1:  layout_caves
Slime:2:  layout_caves
Slime:3:  layout_caves
Slime:4:  layout_caves
Slime:5
Orc:1:    cheibrodos_orc_arena, layout_diamond_mine, serial_shops,
          shop_fountains
Orc:2:    grunt_orc_gardens, layout_diamond_mine, grunt_orc_garden,
          grunt_orc_garden, grunt_orc_garden, grunt_orc_garden,
          portal_ice_cave_entry_pillars_2
Elf:1:    nicolae_elf_arrival_aired_out, layout_loops_corners,
          minmay_elf_demonology, grunt_megastairs_5
Elf:2:    elven_hall_of_blades_hangedman_original
          [nicolae_blade_entry_diamond_columns], layout_onion_city,
          serial_co_window_serial, co_window_paths_b, co_window_cross_1,
          co_window_cross_1, co_window_paths_a, co_window_paths_a,
          co_window_corner_a, co_window_paths_a, co_window_of_opportunity_b,
          co_window_2corner, co_window_unsneaky_path_a, co_window_corner_b,
          co_window_corner_b, glass_columns_a, glass_columns_c, glass_columns_a
Elf:3:    minmay_elf_hall_curves, layout_geoelf_castle,
          infiniplex_enter_wizlab_glasses
Vaults:1: vaults_standard_mumra_x, door_vault, ontoclasm_vaults_ring_small,
          v_pattern_3, grunt_vaults_twisty, nicolae_vaults_more_shelving_2,
          nicolae_vaults_specimen_jars, nicolae_vaults_network_s,
          hangedman_vaults_restitches, layout_vaults_omnicross, serial_shops,
          shop_fountains, nicolae_shop_tiny_real_fake_doors
Vaults:2: nicolae_vaults_tetromino_T_2, st_greater_box_4, v_misc_23,
          nicolae_vaults_surprise_closet, vaults_dpeg_diagonal,
          hangedman_vaults_variations, nicolae_vaults_lightning_bolt,
          ontoclasm_vaults_bender, nicolae_vaults_surprise_closet,
          hangedman_vaults_stagger, dpeg_vaults_monster_box,
          layout_vaults_maze_bifur
Vaults:3: biasface_ghost_orc_armoury, v_misc_15, v_misc_26,
          minmay_crypt_entry_simple_statues, v_misc_14,
          vaults_standard_mumra_enter_the_diamond,
          nicolae_vaults_closet_pinwheel_1,
          nicolae_vaults_variable_pillar_hall_cross,
          nicolae_vaults_big_angled_halls, nicolae_vaults_house_2,
          vaults_room_door_ring, ontoclasm_vaults_misaligned,
          layout_vaults_omnibox, serial_shops, shop,
          nicolae_shop_tiny_waterfront, nicolae_shop_rolled_up,
          nicolae_shop_peninsula, uniq_asterion, uniq_boris
Vaults:4: hangedman_vaults_slice, hangedman_vaults_trim,
          vaults_mumra_minichess_inversion, vaults_mumra_hexcomb,
          hangedman_vaults_corner_blocks, grunt_vaults_funnel,
          hangedman_vaults_maws, layout_vaults_quadrants, uniq_aizul
Vaults:5: uniq_saint_roka, uniq_jory
Crypt:1:  layout_gridlike, minmay_misc_feat_rows, grunt_crypt_arrival_webbed
Crypt:2:  statuecave_lemuel, layout_misc_corridors
Crypt:3:  david_glass_crypt, layout_gridlike,
          nicolae_tomb_entry_unfolded_pyramid_diagonal,
          gammafunk_ghost_door_vault, uniq_margery
Tomb:1
Tomb:2
Tomb:3
Depths:1: layout_cave_pools, enter_ziggurat_c, basic_altar, hell_entry,
          serial_shops, kennysheep_little_box
Depths:2: minmay_four_inscribed_fans, layout_gridlike, gammafunk_ghost_crypt,
          hell_entry, rand_demon_pan_entry_4, abyss_entry
Depths:3: minmay_connected_boxes_in_corner, layout_cave_pools,
          abyss_entry_small_statue_room, rand_demon_pan_entry_1, hell_entry
Depths:4: grunt_zot_entry_alcove, layout_honeycomb, grunt_mini_vestibule,
          gammafunk_ghost_ooze, pdpol_wu_jian_five_deadly_venoms,
          lightli_giant_bouncers
Hell
Dis:1:    layout_overlapping_boxes
Dis:2:    layout_gridville, hangedman_dis_chains
Dis:3:    layout_gridville
Dis:4:    nicolae_dis_pentagon_2, layout_gridville
Dis:5:    hangedman_dis_monolith, layout_regular_city
Dis:6:    layout_gridville
Dis:7:    dis_grunt_layers
Geh:1:    layout_gehenna_lava_caves
Geh:2:    layout_gehenna_pools_triple, hangedman_hellfire_club
Geh:3:    layout_gehenna_lava_caves, nicolae_geh_amphitheater
Geh:4:    layout_gehenna_pools_box
Geh:5:    layout_gehenna_pools_box, evilmike_ambush
          [evilmike_ambush_outer_pillars, evilmike_ambush_inner_wall_1]
Geh:6:    layout_gehenna_pools_box, nicolae_hells_fiendish_ambush
Geh:7:    geh_old
Coc:1:    nicolae_hells_demon_pit, layout_cocytus_water_paths
Coc:2:    layout_cocytus_water_paths
Coc:3:    layout_ice_bergs
Coc:4:    layout_cocytus_delve
Coc:5:    layout_ice_bergs
Coc:6:    layout_ice_bergs
Coc:7:    coc_hangedman
Tar:1:    layout_grid_maze, nicolae_tar_grid_combs
Tar:2:    layout_grid_maze
Tar:3:    layout_honeycomb, evilmike_ambush [evilmike_ambush_outer_basic,
          evilmike_ambush_inner_wall_1]
Tar:4:    layout_catacombs, nicolae_hells_hurtin_island
Tar:5:    layout_grid_maze
Tar:6:    layout_honeycomb, nicolae_tar_stay_or_leave
Tar:7:    tar_mu [tar_mu_maze]
Zot:1:    layout_gridlike, uniq_josephina
Zot:2:    layout_basic
Zot:3:    layout_cathedral_of_symmetry, gammafunk_ghost_wrathful_warriors,
          uniq_grunn
Zot:4:    layout_twisted_circle, nicolae_diode_stairs
Zot:5:    layout_gridlike

Skill      XL: |  1  2  3  4  5  6  7  8  9 10 11 12 13 14 15 16 17 18 19 20 21 22 23 24 25 26 27 |
---------------+----------------------------------------------------------------------------------+-----
Armour         | 4 5 6 7 8 10 11 12 14 15 16 17 18 20 21 27 | 27.0
Maces & Flails | 3 4 5 6 9 10 11 12 14 15 16 17 18 19 20 21 22 23 24 25 27 | 27.0
Dodging        | 1 2 3 23 | 23.3
Fighting       | 4 5 6 7 8 9 10 11 13 14 15 16 17 18 19 20 21 22 23 25 26 27 | 27.0
Shields        | 4 5 6 8 9 10 11 13 15 17 19 20 22 23 25 26 27 | 27.0
Stealth        | 2 4 5 27 | 27.0
Throwing       | 1 2 |  2.9
Evocations     | 1 2 3 24 | 24.2

Action                     |  1- 3 |  4- 6 |  7- 9 | 10-12 | 13-15 | 16-18 | 19-21 | 22-24 | 25-27 || total
---------------------------+-------+-------+-------+-------+-------+-------+-------+-------+-------++-------
  Melee: Flail             |    79 |   101 |   380 |       |       |       |       |       |       ||   560
         Whip              |       |       |   243 |  1297 |    74 |       |       |       |       ||  1614
         Morningstar       |       |       |       |     3 |   857 |    45 |       |       |       ||   905
         Eveningstar       |       |       |       |       |       |  1440 |  2149 |  2192 |  7657 || 13438
  Throw: Dart              |       |       |     3 |     5 |     5 |     8 |     1 |     1 |     2 ||    25
         Throwing net      |       |       |       |       |       |       |       |     1 |       ||     1
         Boomerang         |       |       |       |       |       |       |       |       |     2 ||     2
 Invoke: Call Merchant     |       |       |       |       |     3 |     3 |     3 |     1 |     1 ||    11
         Potion Petition   |       |       |       |       |       |     1 |       |       |    29 ||    30
         Bribe Branch      |       |       |       |       |       |       |       |       |     2 ||     2
  Evoke: Wand              |       |       |     1 |    10 |     6 |     3 |     2 |     5 |    58 ||    85
         Box of beasts     |       |       |       |     2 |     1 |     2 |       |     1 |     1 ||     7
         Piece from Xom's  |       |       |       |       |     4 |       |       |     1 |     1 ||     6
         Lightning rod     |       |       |       |       |       |     8 |       |     4 |     4 ||    16
         Tin of tremorston |       |       |       |       |       |     4 |       |       |     2 ||     6
         Phial of floods   |       |       |       |       |       |       |       |     1 |       ||     1
         Horn of Geryon    |       |       |       |       |       |       |       |       |     2 ||     2
    Use: Scroll            |       |     4 |     7 |     7 |    16 |     9 |     5 |    18 |    39 ||   105
         Potion            |       |     3 |     7 |     8 |     5 |     5 |       |    18 |    51 ||    97
   Stab: Paralysed         |       |       |     3 |     9 |     2 |       |       |       |       ||    14
         Distracted        |       |       |       |     4 |     7 |    14 |    13 |    10 |   126 ||   174
         Invisible         |       |       |       |     2 |       |       |       |       |    31 ||    33
         Petrified         |       |       |       |       |       |     1 |     3 |       |       ||     4
         Held in net/web   |       |       |       |       |       |       |       |     1 |       ||     1
         Sleeping          |       |       |       |       |       |       |       |       |    27 ||    27
 Armour: Scale mail        |    35 |    79 |    11 |       |       |       |       |       |       ||   125
         Plate armour      |       |       |   383 |   672 |   729 |   758 |  1371 |  1077 |  3441 ||  8431
  Dodge: Dodged            |    41 |    76 |   201 |   374 |   357 |   263 |   543 |   436 |  2087 ||  4378
  Block: Buckler           |    19 |    25 |   124 |   293 |   222 |       |       |       |       ||   683
         Tower shield      |       |       |       |       |   319 |  1283 |  2428 |  2271 |  7325 || 13626
